Workbook
Name OLE_LINK1: PO!$A$2

Sheet PO
A2: PREFEITURA MUNICIPAL DE ÓBIDOS
A3: SECRETARIA MUNICIPAL DE PLANEJAMENTO, ORÇAMENTO E FINANÇAS
A4: CNPJ Nº. 05.131.180/0001-64 – Fone: (93) 3547–3044
A5: Rua Deputado Raimundo Chaves, 338 - Centro – CEP: 68.250-000
A6: OBJETO: Construção de Creche e Escola de Educação Infantil, Bela Vista, Óbidos/PA – FNDE – Creche Tipo 1, TERMO DE COMPROMISSO Nº 965504/2024/FNDE/CAIXA | I6: BDI: 25,00%
A7: Local: Bairro Bela Vista | I7: Referência: SINAPI 01/2025 NÃO DESONERADO
A8: PLANILHA ORÇAMENTÁRIA
A9: Nivel | B9: N° Macrosserviço / Serviço | C9: Fonte | D9: Código | E9: Descrição Macrosserviço / Serviço | F9: Qtd. (valor calculado) | G9: Und. | H9: Custo Unitário | I9: BDI | J9: Preço Unitário (valor calculado) | K9: Preço Total (valor calculado) | L9: N° Frente de Obra | M9: Frente de Obra | N9: Qtd. | O9: Valor
A10: Macrosserviço | B10: 1 | E10: SERVIÇOS PRELIMINARES | K10: =ROUND(K11,2)+ROUND(K12,2)+ROUND(K13,2)+ROUND(K14,2)+ROUND(K15,2)+ROUND(K16,2)+ROUND(K17,2)+ROUND(K18,2)+ROUND(K19,2) -> 526328.56
A11: Serviço | B11: 1.1 | C11: SINAPI | D11: 103689 | E11: FORNECIMENTO E INSTALAÇÃO DE PLACA DE OBRA COM CHAPA GALVANIZADA E ESTRUTURA DE MADEIRA. AF_03/2022_PS | F11: =N11 -> 6.48 | G11: M2 | H11: 468.65 | I11: 0.25 | J11: =ROUND(H11,2)+(ROUND(H11,2)*I11) -> 585.8125 | K11: =ROUND(J11,2)*F11 -> 3796.0488 | L11: 1 | M11: CRECHE TIPO 1 | N11: 6.48 | O11: =ROUND(J11,2)*N11 -> 3796.0488
A12: Serviço | B12: 1.2 | C12: SINAPI | D12: 98459 | E12: TAPUME COM TELHA METÁLICA. AF_03/2024 | F12: =N12 -> 501.6 | G12: M2 | H12: 94.19 | I12: 0.25 | J12: =ROUND(H12,2)+(ROUND(H12,2)*I12) -> 117.7375 | K12: =ROUND(J12,2)*F12 -> 59058.384 | L12: 1 | M12: CRECHE TIPO 1 | N12: 501.6 | O12: =ROUND(J12,2)*N12 -> 59058.384
A13: Serviço | B13: 1.3 | C13: SINAPI | D13: 101509 | E13: ENTRADA DE ENERGIA ELÉTRICA, AÉREA, TRIFÁSICA, COM CAIXA DE EMBUTIR, CABO DE 10 MM2 E DISJUNTOR DIN 50A (NÃO INCLUSO O POSTE DE CONCRETO). AF_07/2020 | F13: =N13 -> 1 | G13: UN | H13: 2024.29 | I13: 0.25 | J13: =ROUND(H13,2)+(ROUND(H13,2)*I13) -> 2530.3625 | K13: =ROUND(J13,2)*F13 -> 2530.36 | L13: 1 | M13: CRECHE TIPO 1 | N13: 1 | O13: =ROUND(J13,2)*N13 -> 2530.36
A14: Serviço | B14: 1.4 | C14: Outros | D14: FNDE 03 | E14: LIGAÇÃO PROVISÓRIA DE ÁGUA E ESGOTO | F14: =N14 -> 1 | G14: UN | H14: 3173.86 | I14: 0.25 | J14: =ROUND(H14,2)+(ROUND(H14,2)*I14) -> 3967.325 | K14: =ROUND(J14,2)*F14 -> 3967.33 | L14: 1 | M14: CRECHE TIPO 1 | N14: 1 | O14: =ROUND(J14,2)*N14 -> 3967.33
A15: Serviço | B15: 1.5 | C15: SINAPI | D15: 99059 | E15: LOCAÇÃO CONVENCIONAL DE OBRA, UTILIZANDO GABARITO DE TÁBUAS CORRIDAS PONTALETADAS A CADA 2,00M - 2 UTILIZAÇÕES. AF_03/2024 | F15: =N15 -> 254 | G15: M | H15: 67.2 | I15: 0.25 | J15: =ROUND(H15,2)+(ROUND(H15,2)*I15) -> 84 | K15: =ROUND(J15,2)*F15 -> 21336 | L15: 1 | M15: CRECHE TIPO 1 | N15: 254 | O15: =ROUND(J15,2)*N15 -> 21336
A16: Serviço | B16: 1.6 | C16: Outros | D16: FNDE 244 | E16: ADMINISTRAÇÃO LOCAL TIPO 1 | F16: =N16 -> 1 | G16: UN | H16: 316621.95 | I16: 0.25 | J16: =ROUND(H16,2)+(ROUND(H16,2)*I16) -> 395777.44 | K16: =ROUND(J16,2)*F16 -> 395777.44 | L16: 1 | M16: CRECHE TIPO 1 | N16: 1 | O16: =ROUND(J16,2)*N16 -> 395777.44
A17: Serviço | B17: 1.7 | C17: Outros | D17: FNDE 231 | E17: LOCACAODECONTAINER2,30X6,00M,ALT.2,50M,COM1SANITARIO,PARAESCRITORIO,COMPLETO,SEMDIVISORIASINTERNAS(NAOINCLUIMOBILIZACAO/DESMOBILIZACAO) | F17: =N17 -> 10 | G17: MESES | H17: 1054.34 | I17: 0.25 | J17: =ROUND(H17,2)+(ROUND(H17,2)*I17) -> 1317.925 | K17: =ROUND(J17,2)*F17 -> 13179.3 | L17: 1 | M17: CRECHE TIPO 1 | N17: 10 | O17: =ROUND(J17,2)*N17 -> 13179.3
A18: Serviço | B18: 1.8 | C18: Outros | D18: FNDE 230 | E18: LOCACAODECONTAINER2,30X6,00M,ALT.2,50M,PARAESCRITORIO,SEMDIVISORIASINTERNASESEMSANITARIO(NAOINCLUIMOBILIZACAO/DESMOBILIZACAO) | F18: =N18 -> 10 | G18: MESES | H18: 872.23 | I18: 0.25 | J18: =ROUND(H18,2)+(ROUND(H18,2)*I18) -> 1090.2875 | K18: =ROUND(J18,2)*F18 -> 10902.9 | L18: 1 | M18: CRECHE TIPO 1 | N18: 10 | O18: =ROUND(J18,2)*N18 -> 10902.9
A19: Serviço | B19: 1.9 | C19: Outros | D19: FNDE 232 | E19: LOCACAODECONTAINER2,30X6,00M,ALT.2,50M,PARASANITARIO,COM4BACIAS,8CHUVEIROS,1LAVATORIOE1MICTORIO(NAOINCLUIMOBILIZACAO/DESMOBILIZACAO) | F19: =N19 -> 10 | G19: MESES | H19: 1262.46 | I19: 0.25 | J19: =ROUND(H19,2)+(ROUND(H19,2)*I19) -> 1578.075 | K19: =ROUND(J19,2)*F19 -> 15780.8 | L19: 1 | M19: CRECHE TIPO 1 | N19: 10 | O19: =ROUND(J19,2)*N19 -> 15780.8
A20: Macrosserviço | B20: 2 | E20: MOVIMENTO DE TERRA PARA FUNDAÇÕES | K20: =ROUND(K21,2)+ROUND(K22,2)+ROUND(K23,2)+ROUND(K24,2)+ROUND(K25,2)+ROUND(K26,2)+ROUND(K27,2) -> 161722.32
A21: Serviço | B21: 2.1 | C21: SINAPI | D21: 98525 | E21: LIMPEZA MECANIZADA DE CAMADA VEGETAL, VEGETAÇÃO E PEQUENAS ÁRVORES (DIÂMETRO DE TRONCO MENOR QUE 0,20 M), COM TRATOR DE ESTEIRAS. AF_03/2024 | F21: =N21 -> 2925 | G21: M2 | H21: 0.69 | I21: 0.25 | J21: =ROUND(H21,2)+(ROUND(H21,2)*I21) -> 0.8625 | K21: =ROUND(J21,2)*F21 -> 2515.5 | L21: 1 | M21: CRECHE TIPO 1 | N21: 2925 | O21: =ROUND(J21,2)*N21 -> 2515.5
A22: Serviço | B22: 2.2 | C22: SINAPI | D22: 94304 | E22: ATERRO MECANIZADO DE VALA COM ESCAVADEIRA HIDRÁULICA (CAPACIDADE DA CAÇAMBA: 0,8 M³ / POTÊNCIA: 111 HP), LARGURA ATÉ 2,5 M, PROFUNDIDADE ATÉ 1,5 M, COM SOLO ARGILO-ARENOSO. AF_08/2023 | F22: =N22 -> 585 | G22: M3 | H22: 75.51 | I22: 0.25 | J22: =ROUND(H22,2)+(ROUND(H22,2)*I22) -> 94.3875 | K22: =ROUND(J22,2)*F22 -> 55218.15 | L22: 1 | M22: CRECHE TIPO 1 | N22: 585 | O22: =ROUND(J22,2)*N22 -> 55218.15
A23: Serviço | B23: 2.3 | C23: SINAPI | D23: 96521 | E23: ESCAVAÇÃO MECANIZADA PARA BLOCO DE COROAMENTO OU SAPATA COM RETROESCAVADEIRA (INCLUINDO ESCAVAÇÃO PARA COLOCAÇÃO DE FÔRMAS). AF_01/2024 | F23: =N23 -> 457.05 | G23: M3 | H23: 45.35 | I23: 0.25 | J23: =ROUND(H23,2)+(ROUND(H23,2)*I23) -> 56.6875 | K23: =ROUND(J23,2)*F23 -> 25910.164 | L23: 1 | M23: CRECHE TIPO 1 | N23: 457.05 | O23: =ROUND(J23,2)*N23 -> 25910.164
A24: Serviço | B24: 2.4 | C24: SINAPI | D24: 96525 | E24: ESCAVAÇÃO MECANIZADA PARA VIGA BALDRAME OU SAPATA CORRIDA COM MINI-ESCAVADEIRA (INCLUINDO ESCAVAÇÃO PARA COLOCAÇÃO DE FÔRMAS). AF_01/2024 | F24: =N24 -> 264.04 | G24: M3 | H24: 57.15 | I24: 0.25 | J24: =ROUND(H24,2)+(ROUND(H24,2)*I24) -> 71.4375 | K24: =ROUND(J24,2)*F24 -> 18863.018 | L24: 1 | M24: CRECHE TIPO 1 | N24: 264.04 | O24: =ROUND(J24,2)*N24 -> 18863.018
A25: Serviço | B25: 2.5 | C25: SINAPI | D25: 101616 | E25: PREPARO DE FUNDO DE VALA COM LARGURA MENOR QUE 1,5 M (ACERTO DO SOLO NATURAL). AF_08/2020 | F25: =N25 -> 1317.99 | G25: M2 | H25: 7.21 | I25: 0.25 | J25: =ROUND(H25,2)+(ROUND(H25,2)*I25) -> 9.0125 | K25: =ROUND(J25,2)*F25 -> 11875.09 | L25: 1 | M25: CRECHE TIPO 1 | N25: 1317.99 | O25: =ROUND(J25,2)*N25 -> 11875.09
A26: Serviço | B26: 2.6 | C26: SINAPI | D26: 104740 | E26: REATERRO MECANIZADO DE VALA COM MINICARREGADEIRA, COM COMPACTADOR DE SOLOS DE PERCUSSÃO. AF_08/2023 | F26: =N26 -> 619.96 | G26: M3 | H26: 28.87 | I26: 0.25 | J26: =ROUND(H26,2)+(ROUND(H26,2)*I26) -> 36.0875 | K26: =ROUND(J26,2)*F26 -> 22374.356 | L26: 1 | M26: CRECHE TIPO 1 | N26: 619.96 | O26: =ROUND(J26,2)*N26 -> 22374.356
A27: Serviço | B27: 2.7 | C27: SINAPI | D27: 104738 | E27: ATERRO MECANIZADO DE VALA COM MINICARREGADEIRA, COM SOLO ARGILO-ARENOSO. AF_08/2023 | F27: =N27 -> 247.36 | G27: M3 | H27: 80.74 | I27: 0.25 | J27: =ROUND(H27,2)+(ROUND(H27,2)*I27) -> 100.925 | K27: =ROUND(J27,2)*F27 -> 24966.045 | L27: 1 | M27: CRECHE TIPO 1 | N27: 247.36 | O27: =ROUND(J27,2)*N27 -> 24966.045
A28: Macrosserviço | B28: 3 | E28: FUNDAÇÕES - CONCRETO ARMADO PARA FUNDAÇÕES | K28: =ROUND(K29,2)+ROUND(K30,2)+ROUND(K31,2) -> 97428.45
A29: Serviço | B29: 3.1 | C29: SINAPI | D29: 100896 | E29: ESTACA ESCAVADA MECANICAMENTE, SEM FLUIDO ESTABILIZANTE, COM 25CM DE DIÂMETRO, CONCRETO LANÇADO POR CAMINHÃO BETONEIRA (EXCLUSIVE MOBILIZAÇÃO E DESMOBILIZAÇÃO). AF_01/2020_PA | F29: =N29 -> 620 | G29: M | H29: 72.5 | I29: 0.25 | J29: =ROUND(H29,2)+(ROUND(H29,2)*I29) -> 90.625 | K29: =ROUND(J29,2)*F29 -> 56190.6 | L29: 1 | M29: CRECHE TIPO 1 | N29: 620 | O29: =ROUND(J29,2)*N29 -> 56190.6
A30: Serviço | B30: 3.2 | C30: SINAPI | D30: 100897 | E30: ESTACA ESCAVADA MECANICAMENTE, SEM FLUIDO ESTABILIZANTE, COM 40CM DE DIÂMETRO, CONCRETO LANÇADO POR CAMINHÃO BETONEIRA (EXCLUSIVE MOBILIZAÇÃO E DESMOBILIZAÇÃO). AF_01/2020_PA | F30: =N30 -> 205 | G30: M | H30: 146.64 | I30: 0.25 | J30: =ROUND(H30,2)+(ROUND(H30,2)*I30) -> 183.3 | K30: =ROUND(J30,2)*F30 -> 37576.5 | L30: 1 | M30: CRECHE TIPO 1 | N30: 205 | O30: =ROUND(J30,2)*N30 -> 37576.5
A31: Serviço | B31: 3.3 | C31: SINAPI | D31: 95601 | E31: ARRASAMENTO MECANICO DE ESTACA DE CONCRETO ARMADO, DIAMETROS DE ATÉ 40 CM. AF_05/2021 | F31: =N31 -> 165 | G31: UN | H31: 17.75 | I31: 0.25 | J31: =ROUND(H31,2)+(ROUND(H31,2)*I31) -> 22.1875 | K31: =ROUND(J31,2)*F31 -> 3661.35 | L31: 1 | M31: CRECHE TIPO 1 | N31: 165 | O31: =ROUND(J31,2)*N31 -> 3661.35
A32: Macrosserviço | B32: 4 | E32: FUNDAÇÕES - CONCRETO ARMADO PARA SAPATAS | K32: =ROUND(K33,2)+ROUND(K34,2)+ROUND(K35,2)+ROUND(K36,2)+ROUND(K37,2)+ROUND(K38,2)+ROUND(K39,2) -> 27215.85
A33: Serviço | B33: 4.1 | C33: SINAPI | D33: 96621 | E33: LASTRO COM MATERIAL GRANULAR, APLICAÇÃO EM BLOCOS DE COROAMENTO, ESPESSURA DE *5 CM*. AF_01/2024 | F33: =N33 -> 1.37 | G33: M3 | H33: 432.41 | I33: 0.25 | J33: =ROUND(H33,2)+(ROUND(H33,2)*I33) -> 540.5125 | K33: =ROUND(J33,2)*F33 -> 740.4987 | L33: 1 | M33: CRECHE TIPO 1 | N33: 1.37 | O33: =ROUND(J33,2)*N33 -> 740.4987
A34: Serviço | B34: 4.2 | C34: SINAPI | D34: 96619 | E34: LASTRO DE CONCRETO MAGRO, APLICADO EM BLOCOS DE COROAMENTO OU SAPATAS, ESPESSURA DE 5 CM. AF_01/2024 | F34: =N34 -> 27.34 | G34: M2 | H34: 52.62 | I34: 0.25 | J34: =ROUND(H34,2)+(ROUND(H34,2)*I34) -> 65.775 | K34: =ROUND(J34,2)*F34 -> 1798.4252 | L34: 1 | M34: CRECHE TIPO 1 | N34: 27.34 | O34: =ROUND(J34,2)*N34 -> 1798.4252
A35: Serviço | B35: 4.3 | C35: SINAPI | D35: 96535 | E35: FABRICAÇÃO, MONTAGEM E DESMONTAGEM DE FÔRMA PARA SAPATA, EM MADEIRA SERRADA, E=25 MM, 4 UTILIZAÇÕES. AF_01/2024 | F35: =N35 -> 20.39 | G35: M2 | H35: 143.86 | I35: 0.25 | J35: =ROUND(H35,2)+(ROUND(H35,2)*I35) -> 179.825 | K35: =ROUND(J35,2)*F35 -> 3666.7337 | L35: 1 | M35: CRECHE TIPO 1 | N35: 20.39 | O35: =ROUND(J35,2)*N35 -> 3666.7337
A36: Serviço | B36: 4.4 | C36: SINAPI | D36: 104918 | E36: ARMAÇÃO DE SAPATA ISOLADA, VIGA BALDRAME E SAPATA CORRIDA UTILIZANDO AÇO CA-50 DE 8 MM - MONTAGEM. AF_01/2024 | F36: =N36 -> 762.7 | G36: KG | H36: 16.09 | I36: 0.25 | J36: =ROUND(H36,2)+(ROUND(H36,2)*I36) -> 20.1125 | K36: =ROUND(J36,2)*F36 -> 15337.897 | L36: 1 | M36: CRECHE TIPO 1 | N36: 762.7 | O36: =ROUND(J36,2)*N36 -> 15337.897
A37: Serviço | B37: 4.5 | C37: SINAPI | D37: 104919 | E37: ARMAÇÃO DE SAPATA ISOLADA, VIGA BALDRAME E SAPATA CORRIDA UTILIZANDO AÇO CA-50 DE 10 MM - MONTAGEM. AF_01/2024 | F37: =N37 -> 62.54 | G37: KG | H37: 14.34 | I37: 0.25 | J37: =ROUND(H37,2)+(ROUND(H37,2)*I37) -> 17.925 | K37: =ROUND(J37,2)*F37 -> 1121.3422 | L37: 1 | M37: CRECHE TIPO 1 | N37: 62.54 | O37: =ROUND(J37,2)*N37 -> 1121.3422
A38: Serviço | B38: 4.6 | C38: SINAPI | D38: 104916 | E38: ARMAÇÃO DE SAPATA ISOLADA, VIGA BALDRAME E SAPATA CORRIDA UTILIZANDO AÇO CA-60 DE 5 MM - MONTAGEM. AF_01/2024 | F38: =N38 -> 16.11 | G38: KG | H38: 18.7 | I38: 0.25 | J38: =ROUND(H38,2)+(ROUND(H38,2)*I38) -> 23.375 | K38: =ROUND(J38,2)*F38 -> 376.6518 | L38: 1 | M38: CRECHE TIPO 1 | N38: 16.11 | O38: =ROUND(J38,2)*N38 -> 376.6518
A39: Serviço | B39: 4.7 | C39: SINAPI | D39: 96558 | E39: CONCRETAGEM DE SAPATA, FCK 30 MPA, COM USO DE BOMBA - LANÇAMENTO, ADENSAMENTO E ACABAMENTO. AF_01/2024 | F39: =N39 -> 3.38 | G39: M3 | H39: 988 | I39: 0.25 | J39: =ROUND(H39,2)+(ROUND(H39,2)*I39) -> 1235 | K39: =ROUND(J39,2)*F39 -> 4174.3 | L39: 1 | M39: CRECHE TIPO 1 | N39: 3.38 | O39: =ROUND(J39,2)*N39 -> 4174.3
A40: Macrosserviço | B40: 5 | E40: FUNDAÇÕES - CONCRETO ARMADO PARA BLOCOS | K40: =ROUND(K41,2)+ROUND(K42,2)+ROUND(K43,2)+ROUND(K44,2)+ROUND(K45,2)+ROUND(K46,2)+ROUND(K47,2)+ROUND(K48,2)+ROUND(K49,2)+ROUND(K50,2) -> 157318.68
A41: Serviço | B41: 5.1 | C41: SINAPI | D41: 96621 | E41: LASTRO COM MATERIAL GRANULAR, APLICAÇÃO EM BLOCOS DE COROAMENTO, ESPESSURA DE *5 CM*. AF_01/2024 | F41: =N41 -> 20.24 | G41: M3 | H41: 432.41 | I41: 0.25 | J41: =ROUND(H41,2)+(ROUND(H41,2)*I41) -> 540.5125 | K41: =ROUND(J41,2)*F41 -> 10939.922 | L41: 1 | M41: CRECHE TIPO 1 | N41: 20.24 | O41: =ROUND(J41,2)*N41 -> 10939.922
A42: Serviço | B42: 5.2 | C42: SINAPI | D42: 96619 | E42: LASTRO DE CONCRETO MAGRO, APLICADO EM BLOCOS DE COROAMENTO OU SAPATAS, ESPESSURA DE 5 CM. AF_01/2024 | F42: =N42 -> 404.84 | G42: M2 | H42: 52.62 | I42: 0.25 | J42: =ROUND(H42,2)+(ROUND(H42,2)*I42) -> 65.775 | K42: =ROUND(J42,2)*F42 -> 26630.375 | L42: 1 | M42: CRECHE TIPO 1 | N42: 404.84 | O42: =ROUND(J42,2)*N42 -> 26630.375
A43: Serviço | B43: 5.3 | C43: SINAPI | D43: 96534 | E43: FABRICAÇÃO, MONTAGEM E DESMONTAGEM DE FÔRMA PARA BLOCO DE COROAMENTO, EM MADEIRA SERRADA, E=25 MM, 4 UTILIZAÇÕES. AF_01/2024 | F43: =N43 -> 311.22 | G43: M2 | H43: 85.64 | I43: 0.25 | J43: =ROUND(H43,2)+(ROUND(H43,2)*I43) -> 107.05 | K43: =ROUND(J43,2)*F43 -> 33316.101 | L43: 1 | M43: CRECHE TIPO 1 | N43: 311.22 | O43: =ROUND(J43,2)*N43 -> 33316.101
A44: Serviço | B44: 5.4 | C44: SINAPI | D44: 96544 | E44: ARMAÇÃO DE BLOCO UTILIZANDO AÇO CA-50 DE 6,3 MM - MONTAGEM. AF_01/2024 | F44: =N44 -> 394.89 | G44: KG | H44: 20.03 | I44: 0.25 | J44: =ROUND(H44,2)+(ROUND(H44,2)*I44) -> 25.0375 | K44: =ROUND(J44,2)*F44 -> 9888.0456 | L44: 1 | M44: CRECHE TIPO 1 | N44: 394.89 | O44: =ROUND(J44,2)*N44 -> 9888.0456
A45: Serviço | B45: 5.5 | C45: SINAPI | D45: 96545 | E45: ARMAÇÃO DE BLOCO UTILIZANDO AÇO CA-50 DE 8 MM - MONTAGEM. AF_01/2024 | F45: =N45 -> 125.61 | G45: KG | H45: 18.04 | I45: 0.25 | J45: =ROUND(H45,2)+(ROUND(H45,2)*I45) -> 22.55 | K45: =ROUND(J45,2)*F45 -> 2832.5055 | L45: 1 | M45: CRECHE TIPO 1 | N45: 125.61 | O45: =ROUND(J45,2)*N45 -> 2832.5055
A46: Serviço | B46: 5.6 | C46: SINAPI | D46: 96546 | E46: ARMAÇÃO DE BLOCO UTILIZANDO AÇO CA-50 DE 10 MM - MONTAGEM. AF_01/2024 | F46: =N46 -> 608.95 | G46: KG | H46: 15.76 | I46: 0.25 | J46: =ROUND(H46,2)+(ROUND(H46,2)*I46) -> 19.7 | K46: =ROUND(J46,2)*F46 -> 11996.315 | L46: 1 | M46: CRECHE TIPO 1 | N46: 608.95 | O46: =ROUND(J46,2)*N46 -> 11996.315
A47: Serviço | B47: 5.7 | C47: SINAPI | D47: 104920 | E47: ARMAÇÃO DE BLOCO, SAPATA ISOLADA, VIGA BALDRAME E SAPATA CORRIDA UTILIZANDO AÇO CA-50 DE 12,5 MM - MONTAGEM. AF_01/2024 | F47: =N47 -> 6.88 | G47: KG | H47: 12.17 | I47: 0.25 | J47: =ROUND(H47,2)+(ROUND(H47,2)*I47) -> 15.2125 | K47: =ROUND(J47,2)*F47 -> 104.6448 | L47: 1 | M47: CRECHE TIPO 1 | N47: 6.88 | O47: =ROUND(J47,2)*N47 -> 104.6448
A48: Serviço | B48: 5.8 | C48: SINAPI | D48: 104921 | E48: ARMAÇÃO DE BLOCO, SAPATA ISOLADA, VIGA BALDRAME E SAPATA CORRIDA UTILIZANDO AÇO CA-50 DE 16 MM - MONTAGEM. AF_01/2024 | F48: =N48 -> 10.13 | G48: KG | H48: 11.45 | I48: 0.25 | J48: =ROUND(H48,2)+(ROUND(H48,2)*I48) -> 14.3125 | K48: =ROUND(J48,2)*F48 -> 144.9603 | L48: 1 | M48: CRECHE TIPO 1 | N48: 10.13 | O48: =ROUND(J48,2)*N48 -> 144.9603
A49: Serviço | B49: 5.9 | C49: SINAPI | D49: 96543 | E49: ARMAÇÃO DE BLOCO UTILIZANDO AÇO CA-60 DE 5 MM - MONTAGEM. AF_01/2024 | F49: =N49 -> 286.78 | G49: KG | H49: 22.25 | I49: 0.25 | J49: =ROUND(H49,2)+(ROUND(H49,2)*I49) -> 27.8125 | K49: =ROUND(J49,2)*F49 -> 7975.3518 | L49: 1 | M49: CRECHE TIPO 1 | N49: 286.78 | O49: =ROUND(J49,2)*N49 -> 7975.3518
A50: Serviço | B50: 5.10 | C50: SINAPI | D50: 96557 | E50: CONCRETAGEM DE BLOCO DE COROAMENTO OU VIGA BALDRAME, FCK 30 MPA, COM USO DE BOMBA - LANÇAMENTO, ADENSAMENTO E ACABAMENTO. AF_01/2024 | F50: =N50 -> 45.14 | G50: M3 | H50: 947.99 | I50: 0.25 | J50: =ROUND(H50,2)+(ROUND(H50,2)*I50) -> 1184.9875 | K50: =ROUND(J50,2)*F50 -> 53490.449 | L50: 1 | M50: CRECHE TIPO 1 | N50: 45.14 | O50: =ROUND(J50,2)*N50 -> 53490.449
A51: Macrosserviço | B51: 6 | E51: SUPERESTRUTURA - CONCRETO ARMADO - VIGAS BALDRAME | K51: =ROUND(K52,2)+ROUND(K53,2)+ROUND(K54,2)+ROUND(K55,2)+ROUND(K56,2)+ROUND(K57,2)+ROUND(K58,2)+ROUND(K59,2)+ROUND(K60,2)+ROUND(K61,2) -> 251893.82
A52: Serviço | B52: 6.1 | C52: SINAPI | D52: 96621 | E52: LASTRO COM MATERIAL GRANULAR, APLICAÇÃO EM BLOCOS DE COROAMENTO, ESPESSURA DE *5 CM*. AF_01/2024 | F52: =N52 -> 43.64 | G52: M3 | H52: 432.41 | I52: 0.25 | J52: =ROUND(H52,2)+(ROUND(H52,2)*I52) -> 540.5125 | K52: =ROUND(J52,2)*F52 -> 23587.856 | L52: 1 | M52: CRECHE TIPO 1 | N52: 43.64 | O52: =ROUND(J52,2)*N52 -> 23587.856
A53: Serviço | B53: 6.2 | C53: SINAPI | D53: 96619 | E53: LASTRO DE CONCRETO MAGRO, APLICADO EM BLOCOS DE COROAMENTO OU SAPATAS, ESPESSURA DE 5 CM. AF_01/2024 | F53: =N53 -> 872.87 | G53: M2 | H53: 52.62 | I53: 0.25 | J53: =ROUND(H53,2)+(ROUND(H53,2)*I53) -> 65.775 | K53: =ROUND(J53,2)*F53 -> 57417.389 | L53: 1 | M53: CRECHE TIPO 1 | N53: 872.87 | O53: =ROUND(J53,2)*N53 -> 57417.389
A54: Serviço | B54: 6.3 | C54: SINAPI | D54: 96536 | E54: FABRICAÇÃO, MONTAGEM E DESMONTAGEM DE FÔRMA PARA VIGA BALDRAME, EM MADEIRA SERRADA, E=25 MM, 4 UTILIZAÇÕES. AF_01/2024 | F54: =N54 -> 525.3 | G54: M2 | H54: 74.23 | I54: 0.25 | J54: =ROUND(H54,2)+(ROUND(H54,2)*I54) -> 92.7875 | K54: =ROUND(J54,2)*F54 -> 48742.587 | L54: 1 | M54: CRECHE TIPO 1 | N54: 525.3 | O54: =ROUND(J54,2)*N54 -> 48742.587
A55: Serviço | B55: 6.4 | C55: SINAPI | D55: 104918 | E55: ARMAÇÃO DE SAPATA ISOLADA, VIGA BALDRAME E SAPATA CORRIDA UTILIZANDO AÇO CA-50 DE 8 MM - MONTAGEM. AF_01/2024 | F55: =N55 -> 589.1 | G55: KG | H55: 16.09 | I55: 0.25 | J55: =ROUND(H55,2)+(ROUND(H55,2)*I55) -> 20.1125 | K55: =ROUND(J55,2)*F55 -> 11846.801 | L55: 1 | M55: CRECHE TIPO 1 | N55: 589.1 | O55: =ROUND(J55,2)*N55 -> 11846.801
A56: Serviço | B56: 6.5 | C56: SINAPI | D56: 104919 | E56: ARMAÇÃO DE SAPATA ISOLADA, VIGA BALDRAME E SAPATA CORRIDA UTILIZANDO AÇO CA-50 DE 10 MM - MONTAGEM. AF_01/2024 | F56: =N56 -> 521.55 | G56: KG | H56: 14.34 | I56: 0.25 | J56: =ROUND(H56,2)+(ROUND(H56,2)*I56) -> 17.925 | K56: =ROUND(J56,2)*F56 -> 9351.3915 | L56: 1 | M56: CRECHE TIPO 1 | N56: 521.55 | O56: =ROUND(J56,2)*N56 -> 9351.3915
A57: Serviço | B57: 6.6 | C57: SINAPI | D57: 104920 | E57: ARMAÇÃO DE BLOCO, SAPATA ISOLADA, VIGA BALDRAME E SAPATA CORRIDA UTILIZANDO AÇO CA-50 DE 12,5 MM - MONTAGEM. AF_01/2024 | F57: =N57 -> 1219.83 | G57: KG | H57: 12.17 | I57: 0.25 | J57: =ROUND(H57,2)+(ROUND(H57,2)*I57) -> 15.2125 | K57: =ROUND(J57,2)*F57 -> 18553.614 | L57: 1 | M57: CRECHE TIPO 1 | N57: 1219.83 | O57: =ROUND(J57,2)*N57 -> 18553.614
A58: Serviço | B58: 6.7 | C58: SINAPI | D58: 104921 | E58: ARMAÇÃO DE BLOCO, SAPATA ISOLADA, VIGA BALDRAME E SAPATA CORRIDA UTILIZANDO AÇO CA-50 DE 16 MM - MONTAGEM. AF_01/2024 | F58: =N58 -> 171.64 | G58: KG | H58: 11.45 | I58: 0.25 | J58: =ROUND(H58,2)+(ROUND(H58,2)*I58) -> 14.3125 | K58: =ROUND(J58,2)*F58 -> 2456.1684 | L58: 1 | M58: CRECHE TIPO 1 | N58: 171.64 | O58: =ROUND(J58,2)*N58 -> 2456.1684
A59: Serviço | B59: 6.8 | C59: SINAPI | D59: 104922 | E59: ARMAÇÃO DE BLOCO, SAPATA ISOLADA E SAPATA CORRIDA UTILIZANDO AÇO CA-50 DE 20 MM - MONTAGEM. AF_01/2024 | F59: =N59 -> 32.95 | G59: KG | H59: 12.61 | I59: 0.25 | J59: =ROUND(H59,2)+(ROUND(H59,2)*I59) -> 15.7625 | K59: =ROUND(J59,2)*F59 -> 519.292 | L59: 1 | M59: CRECHE TIPO 1 | N59: 32.95 | O59: =ROUND(J59,2)*N59 -> 519.292
A60: Serviço | B60: 6.9 | C60: SINAPI | D60: 104916 | E60: ARMAÇÃO DE SAPATA ISOLADA, VIGA BALDRAME E SAPATA CORRIDA UTILIZANDO AÇO CA-60 DE 5 MM - MONTAGEM. AF_01/2024 | F60: =N60 -> 795.26 | G60: KG | H60: 18.7 | I60: 0.25 | J60: =ROUND(H60,2)+(ROUND(H60,2)*I60) -> 23.375 | K60: =ROUND(J60,2)*F60 -> 18593.179 | L60: 1 | M60: CRECHE TIPO 1 | N60: 795.26 | O60: =ROUND(J60,2)*N60 -> 18593.179
A61: Serviço | B61: 6.10 | C61: SINAPI | D61: 96557 | E61: CONCRETAGEM DE BLOCO DE COROAMENTO OU VIGA BALDRAME, FCK 30 MPA, COM USO DE BOMBA - LANÇAMENTO, ADENSAMENTO E ACABAMENTO. AF_01/2024 | F61: =N61 -> 51.33 | G61: M3 | H61: 947.99 | I61: 0.25 | J61: =ROUND(H61,2)+(ROUND(H61,2)*I61) -> 1184.9875 | K61: =ROUND(J61,2)*F61 -> 60825.537 | L61: 1 | M61: CRECHE TIPO 1 | N61: 51.33 | O61: =ROUND(J61,2)*N61 -> 60825.537
A62: Macrosserviço | B62: 7 | E62: SUPERESTRUTURA - CONCRETO ARMADO - PILARES | K62: =ROUND(K63,2)+ROUND(K64,2)+ROUND(K65,2)+ROUND(K66,2)+ROUND(K67,2)+ROUND(K68,2) -> 113412.62
A63: Serviço | B63: 7.1 | C63: SINAPI | D63: 92443 | E63: MONTAGEM E DESMONTAGEM DE FÔRMA DE PILARES RETANGULARES E ESTRUTURAS SIMILARES, PÉ-DIREITO SIMPLES, EM CHAPA DE MADEIRA COMPENSADA PLASTIFICADA, 18 UTILIZAÇÕES. AF_09/2020 | F63: =N63 -> 581.21 | G63: M2 | H63: 51.59 | I63: 0.25 | J63: =ROUND(H63,2)+(ROUND(H63,2)*I63) -> 64.4875 | K63: =ROUND(J63,2)*F63 -> 37482.233 | L63: 1 | M63: CRECHE TIPO 1 | N63: 581.21 | O63: =ROUND(J63,2)*N63 -> 37482.233
A64: Serviço | B64: 7.2 | C64: SINAPI | D64: 92762 | E64: ARMAÇÃO DE PILAR OU VIGA DE ESTRUTURA CONVENCIONAL DE CONCRETO ARMADO UTILIZANDO AÇO CA-50 DE 10,0 MM - MONTAGEM. AF_06/2022 | F64: =N64 -> 1755.23 | G64: KG | H64: 12.46 | I64: 0.25 | J64: =ROUND(H64,2)+(ROUND(H64,2)*I64) -> 15.575 | K64: =ROUND(J64,2)*F64 -> 27346.483 | L64: 1 | M64: CRECHE TIPO 1 | N64: 1755.23 | O64: =ROUND(J64,2)*N64 -> 27346.483
A65: Serviço | B65: 7.3 | C65: SINAPI | D65: 92763 | E65: ARMAÇÃO DE PILAR OU VIGA DE ESTRUTURA CONVENCIONAL DE CONCRETO ARMADO UTILIZANDO AÇO CA-50 DE 12,5 MM - MONTAGEM. AF_06/2022 | F65: =N65 -> 41.25 | G65: KG | H65: 10.48 | I65: 0.25 | J65: =ROUND(H65,2)+(ROUND(H65,2)*I65) -> 13.1 | K65: =ROUND(J65,2)*F65 -> 540.375 | L65: 1 | M65: CRECHE TIPO 1 | N65: 41.25 | O65: =ROUND(J65,2)*N65 -> 540.375
A66: Serviço | B66: 7.4 | C66: SINAPI | D66: 92764 | E66: ARMAÇÃO DE PILAR OU VIGA DE ESTRUTURA CONVENCIONAL DE CONCRETO ARMADO UTILIZANDO AÇO CA-50 DE 16,0 MM - MONTAGEM. AF_06/2022 | F66: =N66 -> 13.26 | G66: KG | H66: 10.14 | I66: 0.25 | J66: =ROUND(H66,2)+(ROUND(H66,2)*I66) -> 12.675 | K66: =ROUND(J66,2)*F66 -> 168.1368 | L66: 1 | M66: CRECHE TIPO 1 | N66: 13.26 | O66: =ROUND(J66,2)*N66 -> 168.1368
A67: Serviço | B67: 7.5 | C67: SINAPI | D67: 92759 | E67: ARMAÇÃO DE PILAR OU VIGA DE ESTRUTURA CONVENCIONAL DE CONCRETO ARMADO UTILIZANDO AÇO CA-60 DE 5,0 MM - MONTAGEM. AF_06/2022 | F67: =N67 -> 803.5 | G67: KG | H67: 15.79 | I67: 0.25 | J67: =ROUND(H67,2)+(ROUND(H67,2)*I67) -> 19.7375 | K67: =ROUND(J67,2)*F67 -> 15861.09 | L67: 1 | M67: CRECHE TIPO 1 | N67: 803.5 | O67: =ROUND(J67,2)*N67 -> 15861.09
A68: Serviço | B68: 7.6 | C68: Outros | D68: FNDE 239 | E68: CONCRETAGEM DE PILARES, FCK = 30 MPA, COM USO DE BOMBA - LANÇAMENTO, ADENSAMENTO E ACABAMENTO | F68: =N68 -> 29.2 | G68: M3 | H68: 877.1 | I68: 0.25 | J68: =ROUND(H68,2)+(ROUND(H68,2)*I68) -> 1096.375 | K68: =ROUND(J68,2)*F68 -> 32014.296 | L68: 1 | M68: CRECHE TIPO 1 | N68: 29.2 | O68: =ROUND(J68,2)*N68 -> 32014.296
A69: Macrosserviço | B69: 8 | E69: SUPERESTRUTURA - CONCRETO ARMADO - VIGAS | K69: =ROUND(K70,2)+ROUND(K71,2)+ROUND(K72,2)+ROUND(K73,2)+ROUND(K74,2)+ROUND(K75,2)+ROUND(K76,2) -> 172646.41
A70: Serviço | B70: 8.1 | C70: SINAPI | D70: 92479 | E70: MONTAGEM E DESMONTAGEM DE FÔRMA DE VIGA, ESCORAMENTO COM GARFO DE MADEIRA, PÉ-DIREITO SIMPLES, EM CHAPA DE MADEIRA PLASTIFICADA, 18 UTILIZAÇÕES. AF_09/2020 | F70: =N70 -> 800.94 | G70: M2 | H70: 71.82 | I70: 0.25 | J70: =ROUND(H70,2)+(ROUND(H70,2)*I70) -> 89.775 | K70: =ROUND(J70,2)*F70 -> 71908.393 | L70: 1 | M70: CRECHE TIPO 1 | N70: 800.94 | O70: =ROUND(J70,2)*N70 -> 71908.393
A71: Serviço | B71: 8.2 | C71: SINAPI | D71: 92761 | E71: ARMAÇÃO DE PILAR OU VIGA DE ESTRUTURA CONVENCIONAL DE CONCRETO ARMADO UTILIZANDO AÇO CA-50 DE 8,0 MM - MONTAGEM. AF_06/2022 | F71: =N71 -> 958.05 | G71: KG | H71: 13.98 | I71: 0.25 | J71: =ROUND(H71,2)+(ROUND(H71,2)*I71) -> 17.475 | K71: =ROUND(J71,2)*F71 -> 16746.714 | L71: 1 | M71: CRECHE TIPO 1 | N71: 958.05 | O71: =ROUND(J71,2)*N71 -> 16746.714
A72: Serviço | B72: 8.3 | C72: SINAPI | D72: 92762 | E72: ARMAÇÃO DE PILAR OU VIGA DE ESTRUTURA CONVENCIONAL DE CONCRETO ARMADO UTILIZANDO AÇO CA-50 DE 10,0 MM - MONTAGEM. AF_06/2022 | F72: =N72 -> 939.81 | G72: KG | H72: 12.46 | I72: 0.25 | J72: =ROUND(H72,2)+(ROUND(H72,2)*I72) -> 15.575 | K72: =ROUND(J72,2)*F72 -> 14642.24 | L72: 1 | M72: CRECHE TIPO 1 | N72: 939.81 | O72: =ROUND(J72,2)*N72 -> 14642.24
A73: Serviço | B73: 8.4 | C73: SINAPI | D73: 92763 | E73: ARMAÇÃO DE PILAR OU VIGA DE ESTRUTURA CONVENCIONAL DE CONCRETO ARMADO UTILIZANDO AÇO CA-50 DE 12,5 MM - MONTAGEM. AF_06/2022 | F73: =N73 -> 164.31 | G73: KG | H73: 10.48 | I73: 0.25 | J73: =ROUND(H73,2)+(ROUND(H73,2)*I73) -> 13.1 | K73: =ROUND(J73,2)*F73 -> 2152.461 | L73: 1 | M73: CRECHE TIPO 1 | N73: 164.31 | O73: =ROUND(J73,2)*N73 -> 2152.461
A74: Serviço | B74: 8.5 | C74: SINAPI | D74: 92764 | E74: ARMAÇÃO DE PILAR OU VIGA DE ESTRUTURA CONVENCIONAL DE CONCRETO ARMADO UTILIZANDO AÇO CA-50 DE 16,0 MM - MONTAGEM. AF_06/2022 | F74: =N74 -> 143.35 | G74: KG | H74: 10.14 | I74: 0.25 | J74: =ROUND(H74,2)+(ROUND(H74,2)*I74) -> 12.675 | K74: =ROUND(J74,2)*F74 -> 1817.678 | L74: 1 | M74: CRECHE TIPO 1 | N74: 143.35 | O74: =ROUND(J74,2)*N74 -> 1817.678
A75: Serviço | B75: 8.6 | C75: SINAPI | D75: 92759 | E75: ARMAÇÃO DE PILAR OU VIGA DE ESTRUTURA CONVENCIONAL DE CONCRETO ARMADO UTILIZANDO AÇO CA-60 DE 5,0 MM - MONTAGEM. AF_06/2022 | F75: =N75 -> 713.59 | G75: KG | H75: 15.79 | I75: 0.25 | J75: =ROUND(H75,2)+(ROUND(H75,2)*I75) -> 19.7375 | K75: =ROUND(J75,2)*F75 -> 14086.267 | L75: 1 | M75: CRECHE TIPO 1 | N75: 713.59 | O75: =ROUND(J75,2)*N75 -> 14086.267
A76: Serviço | B76: 8.7 | C76: Outros | D76: FNDE 240 | E76: CONCRETAGEMDEVIGASELAJES,FCK=30MPA,PARALAJESMACIÇASOUNERVURADASCOMUSODEBOMBA-LANÇAMENTO,ADENSAMENTOEACABAMENTO. | F76: =N76 -> 46.77 | G76: M3 | H76: 877.36 | I76: 0.25 | J76: =ROUND(H76,2)+(ROUND(H76,2)*I76) -> 1096.7 | K76: =ROUND(J76,2)*F76 -> 51292.659 | L76: 1 | M76: CRECHE TIPO 1 | N76: 46.77 | O76: =ROUND(J76,2)*N76 -> 51292.659
A77: Macrosserviço | B77: 9 | E77: SUPERESTRUTURA - LAJE DE PISO - CASA MÁQUINAS E MASTRO | K77: =ROUND(K78,2)+ROUND(K79,2)+ROUND(K80,2)+ROUND(K81,2)+ROUND(K82,2)+ROUND(K83,2)+ROUND(K84,2) -> 4654.94
A78: Serviço | B78: 9.1 | C78: SINAPI | D78: 97083 | E78: COMPACTAÇÃO MECÂNICA DE SOLO PARA EXECUÇÃO DE RADIER, PISO DE CONCRETO OU LAJE SOBRE SOLO, COM COMPACTADOR DE SOLOS A PERCUSSÃO. AF_09/2021 | F78: =N78 -> 12.94 | G78: M2 | H78: 3.8 | I78: 0.25 | J78: =ROUND(H78,2)+(ROUND(H78,2)*I78) -> 4.75 | K78: =ROUND(J78,2)*F78 -> 61.465 | L78: 1 | M78: CRECHE TIPO 1 | N78: 12.94 | O78: =ROUND(J78,2)*N78 -> 61.465
A79: Serviço | B79: 9.2 | C79: SINAPI | D79: 96624 | E79: LASTRO COM MATERIAL GRANULAR (PEDRA BRITADA N.2), APLICADO EM PISOS OU LAJES SOBRE SOLO, ESPESSURA DE *10 CM*. AF_01/2024 | F79: =N79 -> 0.65 | G79: M3 | H79: 355.3 | I79: 0.25 | J79: =ROUND(H79,2)+(ROUND(H79,2)*I79) -> 444.125 | K79: =ROUND(J79,2)*F79 -> 288.6845 | L79: 1 | M79: CRECHE TIPO 1 | N79: 0.65 | O79: =ROUND(J79,2)*N79 -> 288.6845
A80: Serviço | B80: 9.3 | C80: SINAPI | D80: 97087 | E80: CAMADA SEPARADORA PARA EXECUÇÃO DE RADIER, PISO DE CONCRETO OU LAJE SOBRE SOLO, EM LONA PLÁSTICA. AF_09/2021 | F80: =N80 -> 12.94 | G80: M2 | H80: 2.41 | I80: 0.25 | J80: =ROUND(H80,2)+(ROUND(H80,2)*I80) -> 3.0125 | K80: =ROUND(J80,2)*F80 -> 38.9494 | L80: 1 | M80: CRECHE TIPO 1 | N80: 12.94 | O80: =ROUND(J80,2)*N80 -> 38.9494
A81: Serviço | B81: 9.4 | C81: SINAPI | D81: 97086 | E81: FABRICAÇÃO, MONTAGEM E DESMONTAGEM DE FORMA PARA RADIER, PISO DE CONCRETO OU LAJE SOBRE SOLO, EM MADEIRA SERRADA, 4 UTILIZAÇÕES. AF_09/2021 | F81: =N81 -> 3.3 | G81: M2 | H81: 138.36 | I81: 0.25 | J81: =ROUND(H81,2)+(ROUND(H81,2)*I81) -> 172.95 | K81: =ROUND(J81,2)*F81 -> 570.735 | L81: 1 | M81: CRECHE TIPO 1 | N81: 3.3 | O81: =ROUND(J81,2)*N81 -> 570.735
A82: Serviço | B82: 9.5 | C82: SINAPI | D82: 97091 | E82: ARMAÇÃO PARA EXECUÇÃO DE RADIER, PISO DE CONCRETO OU LAJE SOBRE SOLO, COM USO DE TELA Q-159. AF_09/2021 | F82: =N82 -> 15.96 | G82: KG | H82: 16.47 | I82: 0.25 | J82: =ROUND(H82,2)+(ROUND(H82,2)*I82) -> 20.5875 | K82: =ROUND(J82,2)*F82 -> 328.6164 | L82: 1 | M82: CRECHE TIPO 1 | N82: 15.96 | O82: =ROUND(J82,2)*N82 -> 328.6164
A83: Serviço | B83: 9.6 | C83: SINAPI | D83: 97096 | E83: CONCRETAGEM DE RADIER, PISO DE CONCRETO OU LAJE SOBRE SOLO, FCK 30 MPA - LANÇAMENTO, ADENSAMENTO E ACABAMENTO. AF_09/2021 | F83: =N83 -> 1.27 | G83: M3 | H83: 820.19 | I83: 0.25 | J83: =ROUND(H83,2)+(ROUND(H83,2)*I83) -> 1025.2375 | K83: =ROUND(J83,2)*F83 -> 1302.0548 | L83: 1 | M83: CRECHE TIPO 1 | N83: 1.27 | O83: =ROUND(J83,2)*N83 -> 1302.0548
A84: Serviço | B84: 9.7 | C84: SINAPI | D84: 97097 | E84: ACABAMENTO POLIDO PARA PISO DE CONCRETO ARMADO OU LAJE SOBRE SOLO DE ALTA RESISTÊNCIA. AF_09/2021 | F84: =N84 -> 37.09 | G84: M2 | H84: 44.53 | I84: 0.25 | J84: =ROUND(H84,2)+(ROUND(H84,2)*I84) -> 55.6625 | K84: =ROUND(J84,2)*F84 -> 2064.4294 | L84: 1 | M84: CRECHE TIPO 1 | N84: 37.09 | O84: =ROUND(J84,2)*N84 -> 2064.4294
A85: Macrosserviço | B85: 10 | E85: SUPERESTRUTURA - LAJE DE COBERTURA - CASA DE MÁQUINAS E CASA DE GÁS | K85: =ROUND(K86,2)+ROUND(K87,2)+ROUND(K88,2)+ROUND(K89,2) -> 2847.86
A86: Serviço | B86: 10.1 | C86: SINAPI | D86: 92538 | E86: MONTAGEM E DESMONTAGEM DE FÔRMA DE LAJE MACIÇA, PÉ-DIREITO SIMPLES, EM CHAPA DE MADEIRA COMPENSADA PLASTIFICADA, 18 UTILIZAÇÕES. AF_09/2020 | F86: =N86 -> 15.15 | G86: M2 | H86: 32.98 | I86: 0.25 | J86: =ROUND(H86,2)+(ROUND(H86,2)*I86) -> 41.225 | K86: =ROUND(J86,2)*F86 -> 624.6345 | L86: 1 | M86: CRECHE TIPO 1 | N86: 15.15 | O86: =ROUND(J86,2)*N86 -> 624.6345
A87: Serviço | B87: 10.2 | C87: SINAPI | D87: 92769 | E87: ARMAÇÃO DE LAJE DE ESTRUTURA CONVENCIONAL DE CONCRETO ARMADO UTILIZANDO AÇO CA-50 DE 6,3 MM - MONTAGEM. AF_06/2022 | F87: =N87 -> 8.18 | G87: KG | H87: 14.31 | I87: 0.25 | J87: =ROUND(H87,2)+(ROUND(H87,2)*I87) -> 17.8875 | K87: =ROUND(J87,2)*F87 -> 146.3402 | L87: 1 | M87: CRECHE TIPO 1 | N87: 8.18 | O87: =ROUND(J87,2)*N87 -> 146.3402
A88: Serviço | B88: 10.3 | C88: SINAPI | D88: 92770 | E88: ARMAÇÃO DE LAJE DE ESTRUTURA CONVENCIONAL DE CONCRETO ARMADO UTILIZANDO AÇO CA-50 DE 8,0 MM - MONTAGEM. AF_06/2022 | F88: =N88 -> 13.31 | G88: KG | H88: 13.43 | I88: 0.25 | J88: =ROUND(H88,2)+(ROUND(H88,2)*I88) -> 16.7875 | K88: =ROUND(J88,2)*F88 -> 223.4749 | L88: 1 | M88: CRECHE TIPO 1 | N88: 13.31 | O88: =ROUND(J88,2)*N88 -> 223.4749
A89: Serviço | B89: 10.4 | C89: Outros | D89: FNDE 240 | E89: CONCRETAGEMDEVIGASELAJES,FCK=30MPA,PARALAJESMACIÇASOUNERVURADASCOMUSODEBOMBA-LANÇAMENTO,ADENSAMENTOEACABAMENTO. | F89: =N89 -> 1.69 | G89: M3 | H89: 877.36 | I89: 0.25 | J89: =ROUND(H89,2)+(ROUND(H89,2)*I89) -> 1096.7 | K89: =ROUND(J89,2)*F89 -> 1853.423 | L89: 1 | M89: CRECHE TIPO 1 | N89: 1.69 | O89: =ROUND(J89,2)*N89 -> 1853.423
A90: Macrosserviço | B90: 11 | E90: SUPERESTRUTURA - ESTRUTURA METÁLICA | K90: =ROUND(K91,2)+ROUND(K92,2)+ROUND(K93,2)+ROUND(K94,2) -> 333099.54
A91: Serviço | B91: 11.1 | C91: Outros | D91: FNDE 607 | E91: ESTRUTURATRELIÇADADECOBERTURA,INCLUSOSPERFISMETÁLICOS,CHAPAMETÁLICAS,MÃODEOBRAETRANSPORTECOMGUINDASTE-FORNECIMENTO E INSTALAÇÃO | F91: =N91 -> 19006 | G91: KG | H91: 12.62 | I91: 0.25 | J91: =ROUND(H91,2)+(ROUND(H91,2)*I91) -> 15.775 | K91: =ROUND(J91,2)*F91 -> 299914.68 | L91: 1 | M91: CRECHE TIPO 1 | N91: 19006 | O91: =ROUND(J91,2)*N91 -> 299914.68
A92: Serviço | B92: 11.2 | C92: SINAPI | D92: 100723 | E92: PINTURA COM TINTA ALQUÍDICA DE FUNDO E ACABAMENTO (ESMALTE SINTÉTICO GRAFITE) PULVERIZADA SOBRE PERFIL METÁLICO EXECUTADO EM FÁBRICA (POR DEMÃO). AF_01/2020_PE | F92: =N92 -> 1611.6 | G92: M2 | H92: 13.06 | I92: 0.25 | J92: =ROUND(H92,2)+(ROUND(H92,2)*I92) -> 16.325 | K92: =ROUND(J92,2)*F92 -> 26317.428 | L92: 1 | M92: CRECHE TIPO 1 | N92: 1611.6 | O92: =ROUND(J92,2)*N92 -> 26317.428
A93: Serviço | B93: 11.3 | C93: SINAPI | D93: 100719 | E93: PINTURA COM TINTA ALQUÍDICA DE FUNDO (TIPO ZARCÃO) PULVERIZADA SOBRE PERFIL METÁLICO EXECUTADO EM FÁBRICA (POR DEMÃO). AF_01/2020_PE | F93: =N93 -> 227.7 | G93: M2 | H93: 12.16 | I93: 0.25 | J93: =ROUND(H93,2)+(ROUND(H93,2)*I93) -> 15.2 | K93: =ROUND(J93,2)*F93 -> 3461.04 | L93: 1 | M93: CRECHE TIPO 1 | N93: 227.7 | O93: =ROUND(J93,2)*N93 -> 3461.04
A94: Serviço | B94: 11.4 | C94: SINAPI | D94: 100739 | E94: PINTURA COM TINTA ALQUÍDICA DE ACABAMENTO (ESMALTE SINTÉTICO ACETINADO) PULVERIZADA SOBRE PERFIL METÁLICO EXECUTADO EM FÁBRICA (POR DEMÃO). AF_01/2020_PE | F94: =N94 -> 227.7 | G94: M2 | H94: 11.97 | I94: 0.25 | J94: =ROUND(H94,2)+(ROUND(H94,2)*I94) -> 14.9625 | K94: =ROUND(J94,2)*F94 -> 3406.392 | L94: 1 | M94: CRECHE TIPO 1 | N94: 227.7 | O94: =ROUND(J94,2)*N94 -> 3406.392
A95: Macrosserviço | B95: 12 | E95: SISTEMA DE VEDAÇÃO VERTICAL - ELEMENTOS VAZADOS | K95: =ROUND(K96,2) -> 1507.82
A96: Serviço | B96: 12.1 | C96: SINAPI | D96: 101161 | E96: ALVENARIA DE VEDAÇÃO COM ELEMENTO VAZADO DE CONCRETO (COBOGÓ) DE 7X50X50CM E ARGAMASSA DE ASSENTAMENTO COM PREPARO EM BETONEIRA. AF_05/2020 | F96: =N96 -> 4.8 | G96: M2 | H96: 251.3 | I96: 0.25 | J96: =ROUND(H96,2)+(ROUND(H96,2)*I96) -> 314.125 | K96: =ROUND(J96,2)*F96 -> 1507.824 | L96: 1 | M96: CRECHE TIPO 1 | N96: 4.8 | O96: =ROUND(J96,2)*N96 -> 1507.824
A97: Macrosserviço | B97: 13 | E97: SISTEMA DE VEDAÇÃO VERTICAL - ALVENARIA DE VEDAÇÃO | K97: =ROUND(K98,2)+ROUND(K99,2)+ROUND(K100,2)+ROUND(K101,2)+ROUND(K102,2) -> 181252.91
A98: Serviço | B98: 13.1 | C98: SINAPI | D98: 103324 | E98: ALVENARIA DE VEDAÇÃO DE BLOCOS CERÂMICOS FURADOS NA VERTICAL DE 14X19X39 CM (ESPESSURA 14 CM) E ARGAMASSA DE ASSENTAMENTO COM PREPARO EM BETONEIRA. AF_12/2021 | F98: =N98 -> 823.51 | G98: M2 | H98: 86.83 | I98: 0.25 | J98: =ROUND(H98,2)+(ROUND(H98,2)*I98) -> 108.5375 | K98: =ROUND(J98,2)*F98 -> 89383.775 | L98: 1 | M98: CRECHE TIPO 1 | N98: 823.51 | O98: =ROUND(J98,2)*N98 -> 89383.775
A99: Serviço | B99: 13.2 | C99: SINAPI | D99: 103322 | E99: ALVENARIA DE VEDAÇÃO DE BLOCOS CERÂMICOS FURADOS NA VERTICAL DE 9X19X39 CM (ESPESSURA 9 CM) E ARGAMASSA DE ASSENTAMENTO COM PREPARO EM BETONEIRA. AF_12/2021 | F99: =N99 -> 933.85 | G99: M2 | H99: 65.22 | I99: 0.25 | J99: =ROUND(H99,2)+(ROUND(H99,2)*I99) -> 81.525 | K99: =ROUND(J99,2)*F99 -> 76136.791 | L99: 1 | M99: CRECHE TIPO 1 | N99: 933.85 | O99: =ROUND(J99,2)*N99 -> 76136.791
A100: Serviço | B100: 13.3 | C100: SINAPI | D100: 103328 | E100: ALVENARIA DE VEDAÇÃO DE BLOCOS CERÂMICOS FURADOS NA HORIZONTAL DE 9X19X19 CM (ESPESSURA 9 CM) E ARGAMASSA DE ASSENTAMENTO COM PREPARO EM BETONEIRA. AF_12/2021 | F100: =N100 -> 17.16 | G100: M2 | H100: 103.71 | I100: 0.25 | J100: =ROUND(H100,2)+(ROUND(H100,2)*I100) -> 129.6375 | K100: =ROUND(J100,2)*F100 -> 2224.6224 | L100: 1 | M100: CRECHE TIPO 1 | N100: 17.16 | O100: =ROUND(J100,2)*N100 -> 2224.6224
A101: Serviço | B101: 13.4 | C101: SINAPI | D101: 93200 | E101: FIXAÇÃO (ENCUNHAMENTO) DE ALVENARIA DE VEDAÇÃO COM ARGAMASSA APLICADA COM BISNAGA. AF_03/2024 | F101: =N101 -> 639.94 | G101: M | H101: 13.4 | I101: 0.25 | J101: =ROUND(H101,2)+(ROUND(H101,2)*I101) -> 16.75 | K101: =ROUND(J101,2)*F101 -> 10718.995 | L101: 1 | M101: CRECHE TIPO 1 | N101: 639.94 | O101: =ROUND(J101,2)*N101 -> 10718.995
...

Sheet CFF-BM
A2: PREFEITURA MUNICIPAL DE ÓBIDOS SECRETARIA MUNICIPAL DE PLANEJAMENTO, ORÇAMENTO E FINANÇAS CNPJ Nº. 05.131.180/0001-64 – Fone: (93) 3547–3044 Rua Deputado Raimundo Chaves, 338 - Centro – CEP: 68.250-000
A11: =PO!A6 -> OBJETO: Construção de Creche e Escola de Educação Infantil, Bela Vista, Óbidos/PA – FNDE – Creche Tipo 1, TERMO DE COMPROMISSO Nº 965504/2024/FNDE/CAIXA
A12: =PO!A7 -> Local: Bairro Bela Vista
A14: Item | B14: Macrosserviço | C14: Parcela | D14: Percentual Parcela | E14: 1 mês | F14: 2 mês | G14: 3 mês | H14: 4 mês | I14: 5 mês | J14: 6 mês | K14: 7 mês | L14: 8 mês | M14: 9 mês | N14: 10 mês | O14: 11 mês | P14: 12 mês | Q14: 13 mês | R14: 14 mês | S14: 15 mês | T14: 16 mês | U14: 17 mês | V14: 18 mês | W14: 19 mês | X14: 20 mês | Y14: 21 mês | Z14: 22 mês | AA14: 23 mês | AB14: 24 mês
A15: 1 | B15: SERVIÇOS PRELIMINARES | C15: =PO!K10 -> 526328.56 | D15: =C15/$C179 -> 0.081895644 | E15: 0.2 | H15: 0.1 | K15: 0.1 | N15: 0.1 | Q15: 0.1 | T15: 0.1 | W15: 0.1 | Z15: 0.1 | AB15: 0.1
E16: =E15*$C15 -> 105265.71 | H16: =H15*$C15 -> 52632.856 | K16: =K15*$C15 -> 52632.856 | N16: =N15*$C15 -> 52632.856 | Q16: =Q15*$C15 -> 52632.856 | T16: =T15*$C15 -> 52632.856 | W16: =W15*$C15 -> 52632.856 | Z16: =Z15*$C15 -> 52632.856 | AB16: =AB15*$C15 -> 52632.856
A17: 2 | B17: MOVIMENTO DE TERRA PARA FUNDAÇÕES | C17: =PO!K20 -> 161722.32 | D17: =C17/C$179 -> 0.025163661 | E17: 0.5 | F17: 0.5
C18: 2 | E18: =E17*$C17 -> 80861.16 | F18: =F17*$C17 -> 80861.16
A19: 3 | B19: FUNDAÇÕES - CONCRETO ARMADO PARA FUNDAÇÕES | C19: =PO!K28 -> 97428.45 | D19: =C19/C$179 -> 0.015159667 | F19: 0.5 | G19: 0.5
C20: 3 | F20: =F19*$C19 -> 48714.225 | G20: =G19*$C19 -> 48714.225
A21: 4 | B21: FUNDAÇÕES - CONCRETO ARMADO PARA SAPATAS | C21: =PO!K32 -> 27215.85 | D21: =C21/C$179 -> 0.0042347304 | F21: 0.2 | G21: 0.3 | H21: 0.5
C22: 3 | F22: =F21*$C21 -> 5443.17 | G22: =G21*$C21 -> 8164.755 | H22: =H21*$C21 -> 13607.925
A23: 5 | B23: FUNDAÇÕES - CONCRETO ARMADO PARA BLOCOS | C23: =PO!K40 -> 157318.68 | D23: =C23/C$179 -> 0.024478464 | F23: 0.2 | G23: 0.3 | H23: 0.5
C24: 3 | F24: =F23*$C23 -> 31463.736 | G24: =G23*$C23 -> 47195.604 | H24: =H23*$C23 -> 78659.34
A25: 6 | B25: SUPERESTRUTURA - CONCRETO ARMADO - VIGAS BALDRAME | C25: =PO!K51 -> 251893.82 | D25: =C25/C$179 -> 0.039194161 | F25: 0.1 | G25: 0.4 | H25: 0.5
C26: 3 | F26: =F25*$C25 -> 25189.382 | G26: =G25*$C25 -> 100757.53 | H26: =H25*$C25 -> 125946.91
A27: 7 | B27: SUPERESTRUTURA - CONCRETO ARMADO - PILARES | C27: =PO!K62 -> 113412.62 | D27: =C27/C$179 -> 0.017646771 | H27: 0.2 | I27: 0.3 | J27: 0.5
C28: 5 | H28: =H27*$C27 -> 22682.524 | I28: =I27*$C27 -> 34023.786 | J28: =J27*$C27 -> 56706.31
A29: 8 | B29: SUPERESTRUTURA - CONCRETO ARMADO - VIGAS | C29: =PO!K69 -> 172646.41 | D29: =C29/C$179 -> 0.026863427 | I29: 0.5 | J29: 0.5
C30: 6 | I30: =I29*$C29 -> 86323.205 | J30: =J29*$C29 -> 86323.205
A31: 9 | B31: SUPERESTRUTURA - LAJE DE PISO - CASA MÁQUINAS E MASTRO | C31: =PO!K77 -> 4654.94 | D31: =C31/C$179 -> 0.00072429911 | X31: 1
X32: =X31*$C31 -> 4654.94
A33: 10 | B33: SUPERESTRUTURA - LAJE DE COBERTURA - CASA DE MÁQUINAS E CASA DE GÁS | C33: =PO!K85 -> 2847.86 | D33: =C33/C$179 -> 0.00044312117 | X33: 1
X34: =X33*$C33 -> 2847.86
A35: 11 | B35: SUPERESTRUTURA - ESTRUTURA METÁLICA | C35: =PO!K90 -> 333099.54 | D35: =C35/C$179 -> 0.051829605 | N35: 0.5 | O35: 0.5
C36: 11 | N36: =N35*$C35 -> 166549.77 | O36: =O35*$C35 -> 166549.77
A37: 12 | B37: SISTEMA DE VEDAÇÃO VERTICAL - ELEMENTOS VAZADOS | C37: =PO!K95 -> 1507.82 | D37: =C37/C$179 -> 0.0002346137 | L37: 1
L38: =L37*$C37 -> 1507.82
A39: 13 | B39: SISTEMA DE VEDAÇÃO VERTICAL - ALVENARIA DE VEDAÇÃO | C39: =PO!K97 -> 181252.91 | D39: =C39/C$179 -> 0.028202581 | K39: 0.3 | L39: 0.2 | M39: 0.5
C40: 8 | K40: =K39*$C39 -> 54375.873 | L40: =L39*$C39 -> 36250.582 | M40: =M39*$C39 -> 90626.455
A41: 14 | B41: SISTEMA DE VEDAÇÃO VERTICAL - CONCRETO ARMADO PARA VERGAS | C41: =PO!K103 -> 15709.21 | D41: =C41/C$179 -> 0.0024443208 | M41: 0.2 | N41: 0.8
C42: 10 | M42: =M41*$C41 -> 3141.842 | N42: =N41*$C41 -> 12567.368
A43: 15 | B43: SISTEMA DE VEDAÇÃO VERTICAL - DIVISÓRIAS | C43: =PO!K108 -> 26806.07 | D43: =C43/C$179 -> 0.0041709695 | N43: 1
N44: =N43*$C43 -> 26806.07
A45: 16 | B45: ESQUADRIAS - PORTAS DE MADEIRA | C45: =PO!K112 -> 63045.35 | D45: =C45/C$179 -> 0.0098097271 | T45: 0.5 | U45: 0.5
C46: 17 | T46: =T45*$C45 -> 31522.675 | U46: =U45*$C45 -> 31522.675
A47: 17 | B47: ESQUADRIAS - FERRAGENS E ACESSÓRIOS | C47: =PO!K119 -> 12024.06 | D47: =C47/C$179 -> 0.0018709191 | U47: 0.5 | V47: 0.5
C48: 18 | U48: =U47*$C47 -> 6012.03 | V48: =V47*$C47 -> 6012.03
A49: 18 | B49: ESQUADRIAS - PORTAS EM ALUMÍNIO | C49: =PO!K124 -> 77915.15 | D49: =C49/C$179 -> 0.012123437 | T49: 0.2 | U49: 0.3 | V49: 0.5
C50: 17 | T50: =T49*$C49 -> 15583.03 | U50: =U49*$C49 -> 23374.545 | V50: =V49*$C49 -> 38957.575
A51: 19 | B51: ESQUADRIAS - JANELAS EM ALUMÍNIO | C51: =PO!K132 -> 96747.72 | D51: =C51/C$179 -> 0.015053747 | T51: 0.4 | U51: 0.3 | V51: 0.3
C52: 17 | T52: =T51*$C51 -> 38699.088 | U52: =U51*$C51 -> 29024.316 | V52: =V51*$C51 -> 29024.316
A53: 20 | B53: ESQUADRIAS - PORTAS DE VIDRO | C53: =PO!K152 -> 29401.84 | D53: =C53/C$179 -> 0.004574866 | T53: 0.2 | U53: 0.4 | V53: 0.4
C54: 17 | T54: =T53*$C53 -> 5880.368 | U54: =U53*$C53 -> 11760.736 | V54: =V53*$C53 -> 11760.736
A55: 21 | B55: ESQUADRIAS - ESQUADRIA GERAL | C55: =PO!K155 -> 246003.96 | D55: =C55/C$179 -> 0.038277711 | T55: 0.1 | U55: 0.2 | V55: 0.3 | W55: 0.4
C56: 17 | T56: =T55*$C55 -> 24600.396 | U56: =U55*$C55 -> 49200.792 | V56: =V55*$C55 -> 73801.188 | W56: =W55*$C55 -> 98401.584
A57: 22 | B57: SISTEMAS DE COBERTURA | C57: =PO!K167 -> 456326.91 | D57: =C57/C$179 -> 0.071003531 | N57: 0.1 | O57: 0.2 | P57: 0.35 | Q57: 0.35
C58: 11 | N58: =N57*$C57 -> 45632.691 | O58: =O57*$C57 -> 91265.382 | P58: =P57*$C57 -> 159714.42 | Q58: =Q57*$C57 -> 159714.42
A59: 23 | B59: IMPERMEABILIZAÇÃO | C59: =PO!K174 -> 60818.29 | D59: =C59/C$179 -> 0.0094632011 | N59: 0.5 | O59: 0.5
C60: 11 | N60: =N59*$C59 -> 30409.145 | O60: =O59*$C59 -> 30409.145
A61: 24 | B61: REVESTIMENTOS INTERNO E EXTERNO - EDIFICAÇÃO | C61: =PO!K180 -> 574093.6 | D61: =C61/C$179 -> 0.089327786 | L61: 0.2 | M61: 0.3 | N61: 0.3 | O61: 0.2
C62: 9 | L62: =L61*$C61 -> 114818.72 | M62: =M61*$C61 -> 172228.08 | N62: =N61*$C61 -> 172228.08 | O62: =O61*$C61 -> 114818.72
A63: 25 | B63: SISTEMAS DE PISOS - PAVIMENTAÇÃO INTERNA - PREPARO DE PISO 8CM | C63: =PO!K195 -> 229314.38 | D63: =C63/C$179 -> 0.035680847 | L63: 0.2 | M63: 0.2 | N63: 0.3 | O63: 0.3
C64: 9 | L64: =L63*$C63 -> 45862.876 | M64: =M63*$C63 -> 45862.876 | N64: =N63*$C63 -> 68794.314 | O64: =O63*$C63 -> 68794.314
A65: 26 | B65: SISTEMAS DE PISOS - PAVIMENTAÇÃO INTERNA - REVESTIMENTOS | C65: =PO!K201 -> 361690.15 | D65: =C65/C$179 -> 0.056278245 | Q65: 0.1 | R65: 0.2 | S65: 0.7
C66: 14 | Q66: =Q65*$C65 -> 36169.015 | R66: =R65*$C65 -> 72338.03 | S66: =S65*$C65 -> 253183.11
A67: 27 | B67: SISTEMAS DE PISOS - PAVIMENTAÇÃO EXTERNA | C67: =PO!K215 -> 44459.91 | D67: =C67/C$179 -> 0.0069178707 | R67: 0.5 | S67: 0.5
C68: 15 | R68: =R67*$C67 -> 22229.955 | S68: =S67*$C67 -> 22229.955
A69: 28 | B69: SISTEMAS DE PISOS - PAVIMENTAÇÃO EXTERNA - CALÇADA DE CONCRETO 8 CM | C69: =PO!K224 -> 92092.25 | D69: =C69/C$179 -> 0.014329365 | R69: 0.3 | S69: 0.3 | T69: 0.4
C70: 15 | R70: =R69*$C69 -> 27627.675 | S70: =S69*$C69 -> 27627.675 | T70: =T69*$C69 -> 36836.9
A71: 29 | B71: PINTURAS E ACABAMENTOS - PINTURA PAREDES | C71: =PO!K228 -> 147555.54 | D71: =C71/C$179 -> 0.022959339 | V71: 0.3 | W71: 0.3 | X71: 0.4
C72: 19 | V72: =V71*$C71 -> 44266.662 | W72: =W71*$C71 -> 44266.662 | X72: =X71*$C71 -> 59022.216
A73: 30 | B73: PINTURAS E ACABAMENTOS - PINTURA DE FORROS | C73: =PO!K238 -> 23427.14 | D73: =C73/C$179 -> 0.0036452149 | U73: 0.3 | V73: 0.5 | W73: 0.2
C74: 18 | U74: =U73*$C73 -> 7028.142 | V74: =V73*$C73 -> 11713.57 | W74: =W73*$C73 -> 4685.428
A75: 31 | B75: PINTURAS E ACABAMENTOS - PISO - ESTACIONAMENTO | C75: =PO!K241 -> 746.59 | D75: =C75/C$179 -> 0.00011616787 | AA75: 1
AA76: =AA75*$C75 -> 746.59
A77: 32 | B77: PINTURAS E ACABAMENTOS - PISO PLAYGROUND | C77: =PO!K245 -> 2108.3 | D77: =C77/C$179 -> 0.00032804715 | AA77: 1
AA78: =AA77*$C77 -> 2108.3
A79: 33 | B79: INSTALAÇÕES DE ÁGUA FRIA - TUBULAÇÕES E CONEXÕES DE PVC RÍGIDO | C79: =PO!K253 -> 81221.13 | D79: =C79/C$179 -> 0.012637841 | P79: 0.5 | Q79: 0.5
C80: 13 | P80: =P79*$C79 -> 40610.565 | Q80: =Q79*$C79 -> 40610.565
A81: 34 | B81: INSTALAÇÕES DE ÁGUA FRIA - TUBULAÇÕES E CONEXÕES - METAIS | C81: =PO!K292 -> 19885.9 | D81: =C81/C$179 -> 0.0030942052 | O81: 0.1 | P81: 0.5 | Q81: 0.4
C82: 12 | O82: =O81*$C81 -> 1988.59 | P82: =P81*$C81 -> 9942.95 | Q82: =Q81*$C81 -> 7954.36
A83: 35 | B83: INSTALAÇÕES DE ÁGUA FRIA - RESERVATÓRIO 30.000 L | C83: =PO!K301 -> 89531.75 | D83: =C83/C$179 -> 0.013930957 | Y83: 0.3 | Z83: 0.7
C84: 22 | Y84: =Y83*$C83 -> 26859.525 | Z84: =Z83*$C83 -> 62672.225
A85: 36 | B85: INSTALAÇÕES DE ÁGUAS PLUVIAIS - TUBULAÇÕES E CONEXÕES DE PVC | C85: =PO!K303 -> 43034.28 | D85: =C85/C$179 -> 0.0066960456 | S85: 0.5 | T85: 0.5
C86: 16 | S86: =S85*$C85 -> 21517.14 | T86: =T85*$C85 -> 21517.14
A87: 37 | B87: INSTALAÇÕES DE ÁGUAS PLUVIAIS - ACESSÓRIOS | C87: =PO!K319 -> 10905.87 | D87: =C87/C$179 -> 0.001696931 | S87: 0.5 | T87: 0.5
C88: 16 | S88: =S87*$C87 -> 5452.935 | T88: =T87*$C87 -> 5452.935
A89: 38 | B89: INSTALAÇÕES DE ÁGUAS PLUVIAIS - SISTEMA DE REUSO DE ÁGUA | C89: =PO!K322 -> 17022.12 | D89: =C89/C$179 -> 0.0026486069 | AA89: 0.5 | AB89: 0.5
C90: 24 | AA90: =AA89*$C89 -> 8511.06 | AB90: =AB89*$C89 -> 8511.06
A91: 39 | B91: INSTALAÇÕES DE ESGOTO SANITÁRIO - TUBULAÇÕES E CONEXÕES | C91: =PO!K325 -> 41088.65 | D91: =C91/C$179 -> 0.0063933096 | K91: 0.2 | L91: 0.2 | M91: 0.2 | N91: 0.2 | O91: 0.2
C92: 8 | K92: =K91*$C91 -> 8217.73 | L92: =L91*$C91 -> 8217.73 | M92: =M91*$C91 -> 8217.73 | N92: =N91*$C91 -> 8217.73 | O92: =O91*$C91 -> 8217.73
A93: 40 | B93: INSTALAÇÕES DE ESGOTO SANITÁRIO - ACESSÓRIOS | C93: =PO!K353 -> 19543.99 | D93: =C93/C$179 -> 0.0030410047 | J93: 0.2 | K93: 0.2 | L93: 0.2 | M93: 0.2 | N93: 0.2
C94: 7 | J94: =J93*$C93 -> 3908.798 | K94: =K93*$C93 -> 3908.798 | L94: =L93*$C93 -> 3908.798 | M94: =M93*$C93 -> 3908.798 | N94: =N93*$C93 -> 3908.798
A95: 41 | B95: INSTALAÇÕES DE ESGOTO SANITÁRIO - UNIDADE DE TRATAMENTO | C95: =PO!K359 -> 38474.11 | D95: =C95/C$179 -> 0.0059864925 | L95: 0.5 | M95: 0.2 | N95: 0.3
C96: 9 | L96: =L95*$C95 -> 19237.055 | M96: =M95*$C95 -> 7694.822 | N96: =N95*$C95 -> 11542.233
A97: 42 | B97: INSTALAÇÕES DE ESGOTO SANITÁRIO - VENTILAÇÃO | C97: =PO!K363 -> 23807.72 | D97: =C97/C$179 -> 0.0037044324 | N97: 0.5 | O97: 0.5
C98: 11 | N98: =N97*$C97 -> 11903.86 | O98: =O97*$C97 -> 11903.86
A99: 43 | B99: LOUÇAS, ACESSÓRIOS E METAIS | C99: =PO!K375 -> 99115.03 | D99: =C99/C$179 -> 0.015422095 | P99: 0.2 | Q99: 0.3 | R99: 0.4 | S99: 0.1
C100: 13 | P100: =P99*$C99 -> 19823.006 | Q100: =Q99*$C99 -> 29734.509 | R100: =R99*$C99 -> 39646.012 | S100: =S99*$C99 -> 9911.503
A101: 44 | B101: INSTALAÇÕES DE PROTEÇÃO CONTRA INCÊNDIO - EXTINTORES | C101: =PO!K410 -> 2703.05 | D101: =C101/C$179 -> 0.00042058903 | AA101: 1
AA102: =AA101*$C101 -> 2703.05
A103: 45 | B103: INSTALAÇÕES DE PROTEÇÃO CONTRA INCÊNDIO - HIDRANTES | C103: =PO!K413 -> 8899.36 | D103: =C103/C$179 -> 0.0013847221 | Z103: 0.5 | AA103: 0.5
C104: 23 | Z104: =Z103*$C103 -> 4449.68 | AA104: =AA103*$C103 -> 4449.68
A105: 46 | B105: INSTALAÇÕES DE PROTEÇÃO CONTRA INCÊNDIO - ACESSÓRIOS | C105: =PO!K416 -> 32618.49 | D105: =C105/C$179 -> 0.0050753701 | AA105: 1
AA106: =AA105*$C105 -> 32618.49
A107: 47 | B107: INSTALAÇÕES DE PROTEÇÃO CONTRA INCÊNDIO - TUBULAÇÕES E CONEXÕES | C107: =PO!K432 -> 30327.45 | D107: =C107/C$179 -> 0.004718889 | Z107: 1
Z108: =Z107*$C107 -> 30327.45
A109: 48 | B109: INSTALAÇÕES DE PROTEÇÃO CONTRA INCÊNDIO - SINALIZAÇÕES | C109: =PO!K466 -> 8087.86 | D109: =C109/C$179 -> 0.0012584544 | AA109: 1
AA110: =AA109*$C109 -> 8087.86
...

Sheet BDI
A5: ESTADO DO PARÁ
A6: PREFEITURA MUNICIPAL DE ÓBIDOS
A7: SECRETARIA MUNICIPAL DE PLANEJAMENTO, ORÇAMENTO E FINANÇAS
A9: =PO!A6 -> OBJETO: Construção de Creche e Escola de Educação Infantil, Bela Vista, Óbidos/PA – FNDE – Creche Tipo 1, TERMO DE COMPROMISSO Nº 965504/2024/FNDE/CAIXA
A10: =PO!A7 -> Local: Bairro Bela Vista
A12: COMPOSIÇÃO DO BDI DE MATERIAIS
A14: ITENS RELATIVOS À ADMINISTRAÇÃO DA OBRA | D14: % | H14: 0.0157
A15: AC - Administração Central | D15: 4 | E15: =D15/100 -> 0.04 | H15: 0.003
A16: DF - Despesas Financeiras | D16: 1.23 | E16: =D16/100 -> 0.0123 | H16: 0.005
A17: R - Riscos | D17: 1.27 | E17: =D17/100 -> 0.0127 | H17: 0.0045
A18: SG - Seguros e Garantias Contratuais | D18: 0.8 | E18: =D18/100 -> 0.008 | H18: 0.005
A19: Sub-Total 1 | D19: =SUM(D15:D18) -> 7.3 | H19: 0.07495
H20: 0.07
A21: LUCRO | H21: 0.05
A22: L - Lucro Operacional | D22: 6.341 | E22: =D22/100 -> 0.06341
A23: Sub-Total 2 | D23: =SUM(D22) -> 6.341
A25: TRIBUTOS
A26: A - PIS | D26: 0.65
A27: B - COFINS | D27: 3
A28: C - ISS | D28: 5
A29: D - CONTRIBUIÇÃO PREVIDENCIÁRIA SOBRE A RENDA BRUTA
A30: Sub-Total 3 | D30: =SUM(D26:D29) -> 8.65 | E30: =D30/100 -> 0.0865
G31: =((1+E15+E17+E18)*(1+E16)*(1+E22)) -> 1.1418329 | I31: =(((G31/G32)-1)*100) -> 24.995389
A32: BDI= | B32: [(1+AC+R+SG)(1+DF)(1+L)] | C32: -1 | G32: =((1-E30)) -> 0.9135
B33: (1-T)
A35: BDI= | B35: [(1+0,04+0,0127+0,008)(1+0,0123)(1+0,0616)] | C35: -1
B36: (1-0,0865)
A38: BDI= | B38: =G31 -> 1.1418329 | C38: -1
B39: =1-E30 -> 0.9135
E40: =((B38/B39))-1 -> 0.24995389
A41: TOTAL BDI (%) | D41: =E40*100 -> 24.995389
A45: ACÓRDÃO Nº 2622/2013 – TCU

Sheet ENCARGOS
A4: ='[1]Plan Geral C-correção'!A2:I2 -> ESTADO DO PARÁ
A5: ='[1]Plan Geral C-correção'!A3:I3 -> PREFEITURA MUNICIPAL DE ÓBIDOS
A6: ='[1]Plan Geral C-correção'!A4:I4 -> SECRETARIA MUNICIPAL DE PLANEJAMENTO,ORÇAMENTO E FINANÇAS
A8: =PO!A6 -> OBJETO: Construção de Creche e Escola de Educação Infantil, Bela Vista, Óbidos/PA – FNDE – Creche Tipo 1, TERMO DE COMPROMISSO Nº 965504/2024/FNDE/CAIXA
A9: ENCARGOS SOCIAIS - SEM DESONERAÇÃO
A10: COD | B10: DESCRIÇÃO | C10: HORISTA % | D10: MENSALISTA %
A11: GRUPO A
A12: A1 | B12: INSS | C12: 0.2 | D12: 0.2
A13: A2 | B13: SESI | C13: 0.015 | D13: 0.015
A14: A3 | B14: SENAI | C14: 0.01 | D14: 0.01
A15: A4 | B15: INCRA | C15: 0.002 | D15: 0.002
A16: A5 | B16: SEBRAE | C16: 0.006 | D16: 0.006
A17: A6 | B17: Salário Educação | C17: 0.025 | D17: 0.025
A18: A7 | B18: Seguro Contra Acidentes de Trabalho | C18: 0.03 | D18: 0.03
A19: A8 | B19: FGTS | C19: 0.08 | D19: 0.08
A20: A9 | B20: SECONCI | C20: 0 | D20: 0
A21: A | B21: TOTAL | C21: =SUM(C12:C20) -> 0.368 | D21: =SUM(D12:D20) -> 0.368
A22: GRUPO B
A23: B1 | B23: Repouso Semanal Renumerado | C23: 0.1813 | D23: Não Inside
A24: B2 | B24: Feriados | C24: 0.0416 | D24: Não Inside
A25: B3 | B25: Auxílio - Enfermidade | C25: 0.0087 | D25: 0.0065
A26: B4 | B26: 13° Salário | C26: 0.1122 | D26: 0.0833
A27: B5 | B27: Licença Paternidade | C27: 0.0007 | D27: 0.0005
A28: B6 | B28: Faltas Justificadas | C28: 0.0075 | D28: 0.0056
A29: B7 | B29: Dias de Chuvas | C29: 0.0283 | D29: Não Inside
A30: B8 | B30: Auxílio Acidente de Trabalho | C30: 0.001 | D30: 0.0007
A31: B9 | B31: Férias Gozadas | C31: 0.1282 | D31: 0.0953
A32: B10 | B32: Salário Maternidade | C32: 0.0003 | D32: 0.0003
A33: B | B33: TOTAL | C33: =SUM(C23:C32) -> 0.5098 | D33: =SUM(D23:D32) -> 0.1922
A34: GRUPO C
A35: C1 | B35: Aviso Prévio Indenizado | C35: 0.0581 | D35: 0.0432
A36: C2 | B36: Aviso Prévio Trabalhado | C36: 0.0014 | D36: 0.001
A37: C3 | B37: Férias Indenizadas | C37: 0.0177 | D37: 0.0131
A38: C4 | B38: Depósito Rescisão Sem Justa Causa | C38: 0.0296 | D38: 0.022
A39: C5 | B39: Indenização Adicional | C39: 0.0049 | D39: 0.0036
B40: TOTAL | C40: =SUM(C35:C39) -> 0.1117 | D40: =SUM(D35:D39) -> 0.0829
A41: GRUPO D
A42: D1 | B42: Reincidência de Grupo A sobre Grupo B | C42: 0.1876 | D42: 0.0707
A43: D2 | B43: Reincidência de Grupo A sobre Aviso Prévio Trabalhado e Reincidência do FGTS sobre Aviso Prévio Indenizado | C43: 0.0052 | D43: 0.0038
A44: D | B44: TOTAL | C44: =SUM(C42:C43) -> 0.1928 | D44: =SUM(D42:D43) -> 0.0745
A45: TOTAL(A+B+C+D) | C45: =C21+C33+C40+C44 -> 1.1823 | D45: =D21+D33+D40+D44 -> 0.7176

Sheet COMPOSIÇÃO CUSTOS
A1: PREFEITURA MUNICIPAL DE ÓBIDOS SECRETARIA MUNICIPAL DE PLANEJAMENTO, ORÇAMENTO E FINANÇAS CNPJ Nº. 05.131.180/0001-64 – Fone: (93) 3547–3044 Rua Deputado Raimundo Chaves, 338 - Centro – CEP: 68.250-000
A5: =PO!A6 -> OBJETO: Construção de Creche e Escola de Educação Infantil, Bela Vista, Óbidos/PA – FNDE – Creche Tipo 1, TERMO DE COMPROMISSO Nº 965504/2024/FNDE/CAIXA
F6: BDI : | G6: 0.25
E7: Fonte
E8: SINAPI | F8: 2025/01 | G8: SEM DESONERAÇÃO
E9: SP OBRAS | F9: 196 | G9: SEM DESONERAÇÃO
E10: PRÓPRIA | F10: PRÓPRIA
A11: COMPOSIÇÃO DES CUSTOS UNITÁRIOS
A12: FNDE 03 LIGAÇÃO PROVISÓRIA DE ÁGUA E ESGOTO (UN)
A13: Material | C13: FONTE | D13: UNID | E13: COEFICIENTE | F13: PREÇO UNITÁRIO | G13: TOTAL
A14: 00000370 | B14: AREIA MEDIA - POSTO JAZIDA/FORNECEDOR (RETIRADO NA JAZIDA, SEM TRANSPORTE) - Percentual=1,0000% | C14: SINAPI | D14: M3 | E14: 0.02 | F14: 78 | G14: 1.57
A15: 00010420 | B15: BACIA SANITARIA (VASO) CONVENCIONAL, DE LOUCA BRANCA, SIFAO APARENTE, SAIDA VERTICAL (SEM ASSENTO) - Percentual=1,0000% | C15: SINAPI | D15: UN | E15: 1 | F15: 192.2 | G15: 194.12
A16: 00011868 | B16: CAIXA D'AGUA / RESERVATORIO EM POLIESTER REFORCADO COM FIBRA DE VIDRO,1000 LITROS, COM TAMPA - Percentual=1,0000% | C16: SINAPI | D16: UN | E16: 1 | F16: 643.47 | G16: 649.9
A17: 00020247 | B17: PREGO DE ACO POLIDO COM CABECA 15 X 15 (1 1/4 X 13) - Percentual=1,0000% | C17: SINAPI | D17: KG | E17: 1 | F17: 13.51 | G17: 13.64
A18: 00020205 | B18: RIPA APARELHADA *1,5 X 5* CM, EM MACARANDUBA/MASSARANDUBA, ANGELIM OU EQUIVALENTE DA REGIAO - Percentual=1,0000% | C18: SINAPI | D18: M | E18: 8 | F18: 3.82 | G18: 30.86
A19: 00021009 | B19: TUBO ACO GALVANIZADO COM COSTURA, CLASSE LEVE, DN 20 MM (3/4"), E = 2,25 MM, *1,3* KG/M (NBR 5580) - Percentual=1,0000% | C19: SINAPI | D19: M | E19: 30 | F19: 24.91 | G19: 754.77
A20: 00009841 | B20: TUBO PVC, SERIE R, DN 100 MM, PARA ESGOTO OU AGUAS PLUVIAIS PREDIAL (NBR 5688) - Percentual=1,0000% | C20: SINAPI | D20: M | E20: 5 | F20: 30.19 | G20: 152.45
A21: 00009841 | B21: TUBO PVC, SERIE R, DN 100 MM, PARA ESGOTO OU AGUAS PLUVIAIS PREDIAL (NBR 5688) - Percentual=1,0000% | C21: SINAPI | D21: M | E21: 5 | F21: 30.19 | G21: 152.45
E22: TOTAL Material: | G22: 1949.76
A23: Mão de Obra com Encargos Complementares | C23: FONTE | D23: UNID | E23: COEFICIENTE | F23: PREÇO UNITÁRIO | G23: TOTAL
A24: 88248 | B24: AUXILIAR DE ENCANADOR OU BOMBEIRO HIDRÁULICO COM ENCARGOS COMPLEMENTARES - Percentual=1,0000% | C24: SINAPI | D24: H | E24: 4 | F24: 31.51 | G24: 127.3
A25: 88267 | B25: ENCANADOR OU BOMBEIRO HIDRÁULICO COM ENCARGOS COMPLEMENTARES - Percentual=1,0000% | C25: SINAPI | D25: H | E25: 8 | F25: 38.1 | G25: 307.84
A26: 88309 | B26: PEDREIRO COM ENCARGOS COMPLEMENTARES - Percentual=1,0000% | C26: SINAPI | D26: H | E26: 8 | F26: 34.08 | G26: 275.36
A27: 88316 | B27: SERVENTE COM ENCARGOS COMPLEMENTARES - Percentual=1,0000% | C27: SINAPI | D27: H | E27: 8.12 | F27: 29.76 | G27: 244.06
E28: TOTAL Mão de Obra com Encargos Complementares: | G28: 954.56
A29: Serviço | C29: FONTE | D29: UNID | E29: COEFICIENTE | F29: PREÇO UNITÁRIO | G29: TOTAL
A30: 92273 | B30: FABRICAÇÃO DE ESCORAS DO TIPO PONTALETE, EM MADEIRA, PARA PÉ-DIREITO SIMPLES. AF_09/2020 - Percentual=1,0000% | C30: SINAPI | D30: M | E30: 17 | F30: 14.84 | G30: 254.8
E31: TOTAL Serviço: | G31: 254.8
E32: VALOR: | G32: 3159.12
A34: FNDE 244 ADMINISTRAÇÃO LOCAL TIPO 1 (UN)
A35: Mão de Obra com Encargos Complementares | C35: FONTE | D35: UNID | E35: COEFICIENTE | F35: PREÇO UNITÁRIO | G35: TOTAL
A36: 93563 | B36: ALMOXARIFE COM ENCARGOS COMPLEMENTARES | C36: SINAPI | D36: MES | E36: 10 | F36: 6655.92 | G36: 66559.2
A37: 93572 | B37: ENCARREGADO GERAL DE OBRAS COM ENCARGOS COMPLEMENTARES | C37: SINAPI | D37: MES | E37: 10 | F37: 8610.45 | G37: 86104.5
A38: 93565 | B38: ENGENHEIRO CIVIL DE OBRA JUNIOR COM ENCARGOS COMPLEMENTARES | C38: SINAPI | D38: MES | E38: 5 | F38: 22814.24 | G38: 114071.2
A39: 94295 | B39: MESTRE DE OBRAS COM ENCARGOS COMPLEMENTARES | C39: SINAPI | D39: MES | E39: 10 | F39: 13702.72 | G39: 137027.2
A40: 101452 | B40: SERVENTE DE OBRAS COM ENCARGOS COMPLEMENTARES | C40: SINAPI | D40: MES | E40: 10 | F40: 5315.79 | G40: 53157.9
E41: TOTAL Mão de Obra com Encargos Complementares: | G41: 456920
E42: VALOR: | G42: 456920
A44: FNDE 231 LOCACAO DE CONTAINER 2,30 X 6,00 M, ALT. 2,50 M, COM 1 SANITARIO, PARA ESCRITORIO, COMPLETO, SEM DIVISORIAS INTERNAS (NAO INCLUI MOBILIZACAO/DESMOBILIZACAO) (MÊS)
A45: Equipamento | C45: FONTE | D45: UNID | E45: COEFICIENTE | F45: PREÇO UNITÁRIO | G45: TOTAL
A46: 00010775 | B46: LOCACAO DE CONTAINER 2,30 X 6,00 M, ALT. 2,50 M, COM 1 SANITARIO, PARA ESCRITORIO, COMPLETO, SEM DIVISORIAS INTERNAS (NAO INCLUI MOBILIZACAO/DESMOBILIZACAO) | C46: SINAPI | D46: MES | E46: 1 | F46: 832.5 | G46: 832.5
E47: TOTAL Equipamento: | G47: 832.5
A48: Serviço | C48: FONTE | D48: UNID | E48: COEFICIENTE | F48: PREÇO UNITÁRIO | G48: TOTAL
A49: 105114 | B49: EXECUÇÃO DOS APOIOS PARA CONTÊINER OU MÓDULO HABITÁVEL. AF_03/2024 | C49: SINAPI | D49: M3 | E49: 0.096 | F49: 1888.66 | G49: 181.31
A50: 105115 | B50: INSTALAÇÃO E DESINSTALAÇÃO MECANIZADA DE CONTÊINER OU MÓDULO HABITÁVEL DE USOS DIVERSOS. AF_03/2024 | C50: SINAPI | D50: UN | E50: 0.1 | F50: 145.07 | G50: 14.5
E51: TOTAL Serviço: | G51: 195.81
E52: VALOR: | G52: 1028.31
A54: FNDE 230 LOCACAO DE CONTAINER 2,30 X 6,00 M, ALT. 2,50 M, PARA ESCRITORIO, SEM DIVISORIAS INTERNAS E SEM SANITARIO (NAO INCLUI MOBILIZACAO/DESMOBILIZACAO) (MÊS)
A55: Equipamento | C55: FONTE | D55: UNID | E55: COEFICIENTE | F55: PREÇO UNITÁRIO | G55: TOTAL
A56: 00010776 | B56: LOCACAO DE CONTAINER 2,30 X 6,00 M, ALT. 2,50 M, PARA ESCRITORIO, SEM DIVISORIAS INTERNAS E SEM SANITARIO (NAO INCLUI MOBILIZACAO/DESMOBILIZACAO) | C56: SINAPI | D56: MES | E56: 1 | F56: 650.39 | G56: 650.39
E57: TOTAL Equipamento: | G57: 650.39
A58: Serviço | C58: FONTE | D58: UNID | E58: COEFICIENTE | F58: PREÇO UNITÁRIO | G58: TOTAL
A59: 105114 | B59: EXECUÇÃO DOS APOIOS PARA CONTÊINER OU MÓDULO HABITÁVEL. AF_03/2024 | C59: SINAPI | D59: M3 | E59: 0.096 | F59: 1888.66 | G59: 181.31
A60: 105115 | B60: INSTALAÇÃO E DESINSTALAÇÃO MECANIZADA DE CONTÊINER OU MÓDULO HABITÁVEL DE USOS DIVERSOS. AF_03/2024 | C60: SINAPI | D60: UN | E60: 0.1 | F60: 145.07 | G60: 14.5
E61: TOTAL Serviço: | G61: 195.81
E62: VALOR: | G62: 846.2
A64: FNDE 232 LOCACAO DE CONTAINER 2,30 X 6,00 M, ALT. 2,50 M, PARA SANITARIO, COM 4 BACIAS, 8 CHUVEIROS,1 LAVATORIO E 1 MICTORIO (NAO INCLUI MOBILIZACAO/DESMOBILIZACAO) (MÊS)
A65: Equipamento | C65: FONTE | D65: UNID | E65: COEFICIENTE | F65: PREÇO UNITÁRIO | G65: TOTAL
A66: 00010778 | B66: LOCACAO DE CONTAINER 2,30 X 6,00 M, ALT. 2,50 M, PARA SANITARIO, COM 4 BACIAS, 8 CHUVEIROS,1 LAVATORIO E 1 MICTORIO (NAO INCLUI MOBILIZACAO/DESMOBILIZACAO) | C66: SINAPI | D66: MES | E66: 1 | F66: 1040.62 | G66: 1040.62
E67: TOTAL Equipamento: | G67: 1040.62
A68: Serviço | C68: FONTE | D68: UNID | E68: COEFICIENTE | F68: PREÇO UNITÁRIO | G68: TOTAL
A69: 105114 | B69: EXECUÇÃO DOS APOIOS PARA CONTÊINER OU MÓDULO HABITÁVEL. AF_03/2024 | C69: SINAPI | D69: M3 | E69: 0.096 | F69: 1888.66 | G69: 181.31
A70: 105115 | B70: INSTALAÇÃO E DESINSTALAÇÃO MECANIZADA DE CONTÊINER OU MÓDULO HABITÁVEL DE USOS DIVERSOS. AF_03/2024 | C70: SINAPI | D70: UN | E70: 0.1 | F70: 145.07 | G70: 14.5
E71: TOTAL Serviço: | G71: 195.81
E72: VALOR: | G72: 1236.43
A74: FNDE 239 CONCRETAGEM DE PILARES, FCK = 30 MPA, COM USO DE BOMBA - LANÇAMENTO, ADENSAMENTO E ACABAMENTO. (M3)
A75: Equipamento Custo Horário | C75: FONTE | D75: UNID | E75: COEFICIENTE | F75: PREÇO UNITÁRIO | G75: TOTAL
A76: 90587 | B76: VIBRADOR DE IMERSÃO, DIÂMETRO DE PONTEIRA 45MM, MOTOR ELÉTRICO TRIFÁSICO POTÊNCIA DE 2 CV - CHI DIURNO. AF_06/2015 | C76: SINAPI | D76: CHI | E76: 0.13 | F76: 0.53 | G76: 0.06
A77: 90586 | B77: VIBRADOR DE IMERSÃO, DIÂMETRO DE PONTEIRA 45MM, MOTOR ELÉTRICO TRIFÁSICO POTÊNCIA DE 2 CV - CHP DIURNO. AF_06/2015 | C77: SINAPI | D77: CHP | E77: 0.094 | F77: 1.26 | G77: 0.11
E78: TOTAL Equipamento Custo Horário: | G78: 0.17
A79: Material | C79: FONTE | D79: UNID | E79: COEFICIENTE | F79: PREÇO UNITÁRIO | G79: TOTAL
A80: 00001525 | B80: CONCRETO USINADO BOMBEAVEL, CLASSE DE RESISTENCIA C30, BRITA 0 E 1, SLUMP = 100 +/- 20 MM, COM BOMBEAMENTO (DISPONIBILIZACAO DE BOMBA), SEM O LANCAMENTO (NBR 8953) | C80: SINAPI | D80: M3 | E80: 1.103 | F80: 482.21 | G80: 531.87
E81: TOTAL Material: | G81: 531.87
A82: Mão de Obra com Encargos Complementares | C82: FONTE | D82: UNID | E82: COEFICIENTE | F82: PREÇO UNITÁRIO | G82: TOTAL
A83: 88262 | B83: CARPINTEIRO DE FORMAS COM ENCARGOS COMPLEMENTARES | C83: SINAPI | D83: H | E83: 0.224 | F83: 33.62 | G83: 7.53
A84: 88309 | B84: PEDREIRO COM ENCARGOS COMPLEMENTARES | C84: SINAPI | D84: H | E84: 0.224 | F84: 34.08 | G84: 7.63
A85: 88316 | B85: SERVENTE COM ENCARGOS COMPLEMENTARES | C85: SINAPI | D85: H | E85: 1.345 | F85: 29.76 | G85: 40.02
E86: TOTAL Mão de Obra com Encargos Complementares: | G86: 55.18
E87: VALOR: | G87: 587.22
A89: FNDE 240 CONCRETAGEM DE VIGAS E LAJES, FCK=30 MPA, PARA LAJES MACIÇAS OU NERVURADAS COM USO DE BOMBA - LANÇAMENTO, ADENSAMENTO E ACABAMENTO. (M3)
A90: Equipamento Custo Horário | C90: FONTE | D90: UNID | E90: COEFICIENTE | F90: PREÇO UNITÁRIO | G90: TOTAL
A91: 90587 | B91: VIBRADOR DE IMERSÃO, DIÂMETRO DE PONTEIRA 45MM, MOTOR ELÉTRICO TRIFÁSICO POTÊNCIA DE 2 CV - CHI DIURNO. AF_06/2015 | C91: SINAPI | D91: CHI | E91: 0.131 | F91: 0.53 | G91: 0.06
A92: 90586 | B92: VIBRADOR DE IMERSÃO, DIÂMETRO DE PONTEIRA 45MM, MOTOR ELÉTRICO TRIFÁSICO POTÊNCIA DE 2 CV - CHP DIURNO. AF_06/2015 | C92: SINAPI | D92: CHP | E92: 0.12 | F92: 1.26 | G92: 0.15
E93: TOTAL Equipamento Custo Horário: | G93: 0.21
A94: Material | C94: FONTE | D94: UNID | E94: COEFICIENTE | F94: PREÇO UNITÁRIO | G94: TOTAL
A95: 00001525 | B95: CONCRETO USINADO BOMBEAVEL, CLASSE DE RESISTENCIA C30, BRITA 0 E 1, SLUMP = 100 +/- 20 MM, COM BOMBEAMENTO (DISPONIBILIZACAO DE BOMBA), SEM O LANCAMENTO (NBR 8953) | C95: SINAPI | D95: M3 | E95: 1.103 | F95: 482.21 | G95: 531.87
E96: TOTAL Material: | G96: 531.87
A97: Mão de Obra com Encargos Complementares | C97: FONTE | D97: UNID | E97: COEFICIENTE | F97: PREÇO UNITÁRIO | G97: TOTAL
A98: 88262 | B98: CARPINTEIRO DE FORMAS COM ENCARGOS COMPLEMENTARES | C98: SINAPI | D98: H | E98: 0.125 | F98: 33.62 | G98: 4.2
A99: 88309 | B99: PEDREIRO COM ENCARGOS COMPLEMENTARES | C99: SINAPI | D99: H | E99: 0.753 | F99: 34.08 | G99: 25.66
A100: 88316 | B100: SERVENTE COM ENCARGOS COMPLEMENTARES | C100: SINAPI | D100: H | E100: 0.826 | F100: 29.76 | G100: 24.58
E101: TOTAL Mão de Obra com Encargos Complementares: | G101: 54.44
E102: VALOR: | G102: 586.52
A104: FNDE 240 CONCRETAGEM DE VIGAS E LAJES, FCK=30 MPA, PARA LAJES MACIÇAS OU NERVURADAS COM USO DE BOMBA - LANÇAMENTO, ADENSAMENTO E ACABAMENTO. (M3)
A105: Equipamento Custo Horário | C105: FONTE | D105: UNID | E105: COEFICIENTE | F105: PREÇO UNITÁRIO | G105: TOTAL
A106: 90587 | B106: VIBRADOR DE IMERSÃO, DIÂMETRO DE PONTEIRA 45MM, MOTOR ELÉTRICO TRIFÁSICO POTÊNCIA DE 2 CV - CHI DIURNO. AF_06/2015 | C106: SINAPI | D106: CHI | E106: 0.131 | F106: 0.53 | G106: 0.06
A107: 90586 | B107: VIBRADOR DE IMERSÃO, DIÂMETRO DE PONTEIRA 45MM, MOTOR ELÉTRICO TRIFÁSICO POTÊNCIA DE 2 CV - CHP DIURNO. AF_06/2015 | C107: SINAPI | D107: CHP | E107: 0.12 | F107: 1.26 | G107: 0.15
E108: TOTAL Equipamento Custo Horário: | G108: 0.21
A109: Material | C109: FONTE | D109: UNID | E109: COEFICIENTE | F109: PREÇO UNITÁRIO | G109: TOTAL
A110: 00001525 | B110: CONCRETO USINADO BOMBEAVEL, CLASSE DE RESISTENCIA C30, BRITA 0 E 1, SLUMP = 100 +/- 20 MM, COM BOMBEAMENTO (DISPONIBILIZACAO DE BOMBA), SEM O LANCAMENTO (NBR 8953) | C110: SINAPI | D110: M3 | E110: 1.103 | F110: 482.21 | G110: 531.87
...
